 Dungeon Crawl Stone Soup version 0.24.0-28-g17ded55e90 (webtiles) character file.

Game seed: 2281635464537857481, levelgen mode: deterministic

10557571 gentoosiast the Conqueror (level 27, 270/270 (273) HPs)
             Began as a Ghoul Fighter on Oct 31, 2019.
             Was the Champion of Nemelex Xobeh.
             Escaped with the Orb
             ... and 15 runes on Nov 12, 2019!
             The game lasted 18:10:03 (162295 turns).

gentoosiast the Conqueror (Ghoul Fighter)         Turns: 162295, Time: 18:10:03

HP:   270/270 (273) AC: 51    Str: 38    XL:     27
MP:   45/45         EV: 20    Int:  9    God:    Nemelex Xobeh [******]
Gold: 13318         SH: 41    Dex: 11    Spells: 2/65 levels left

rFire    + + .     SeeInvis +     - Unarmed
rCold    + + +     Gourm    .   i - +8 large shield {reflect}
rNeg     + + +     Faith    .   e - +12 gold dragon scales
rPois    ∞         Spirit   +   p - +3 crown of Dyrovepreva {rElec Int+2 SInv}
rElec    +         Reflect  +   x - scarf {Spirit}
rCorr    +         Harm     .   P - +0 pair of fencer's gloves {Riposte Dex+3}
MR       ++++.                  Z - +2 pair of boots {run}
Stlth    ..........             f - amulet of Sin {Reflect *Slow +Fly MR+ Str+5 SH+5}
HPRegen  0.55/turn              Y - ring "Akkyco" {rF+ rCorr Dex+4}
MPRegen  0.29/turn              G - ring "Lehom" {rC+ MR+ AC+3 Int+4 Dex-4}

@: rotting, quick
A: rotting body, claws 1, carnivore, cold resistance 1, negative energy
resistance 3, inhibited regeneration, torment resistance, unbreathing
0: Orb of Zot
}: 15/15 runes: serpentine, barnacled, slimy, silver, golden, iron, obsidian,
icy, bone, abyssal, demonic, glowing, magical, fiery, dark
a: Draw Escape, Draw Destruction, Draw Summoning, Draw Stack, Triple Draw, Deal
Four, Stack Five, Renounce Religion, Evoke Flight


You escaped.
You worshipped Nemelex Xobeh.
Nemelex Xobeh was exalted by your worship.
You were not hungry.

You visited 18 branches of the dungeon, and saw 90 of its levels.
You visited Pandemonium 4 times, and saw 35 of its levels.
You visited the Abyss 3 times.
You also visited: Bailey, Gauntlet, Ice Cave and Volcano.

You collected 20923 gold pieces.
You spent 7605 gold pieces at shops.

Inventory:

Hand Weapons
 b - the +7 sceptre of Asmodeus
   (You took it off Asmodeus on level 7 of Gehenna)
 h - the +4 staff of Dispater
   (You took it off Dispater on level 7 of the Iron City of Dis)
Missiles
 m - 6 boomerangs
 r - 11 javelins
 N - 7 silver javelins (quivered)
Armour
 e - +12 gold dragon scales (worn)
 i - a +8 large shield of reflection (worn)
 p - the +3 crown of Dyrovepreva (worn) {rElec Int+2 SInv}
   (You found it on level 3 of the Elven Halls)

   It affects your intelligence (+2).
   It insulates you from electricity.
   It lets you see invisible.
 x - a scarf of spirit shield (worn)
 P - the +0 pair of fencer's gloves (worn) {Riposte Dex+3}
   (You acquired it on level 15 of the Dungeon)

   It affects your dexterity (+3).
 Z - a +2 pair of boots of running (worn)
Jewellery
 f - the amulet of Sin (around neck) {Reflect *Slow +Fly MR+ Str+5 SH+5}
   (You found it on level 2 of the Elven Halls)

   [amulet of reflection]

   It shields you and reflects attacks.
   It affects your strength (+5).
   It affects your resistance to hostile enchantments.
   It lets you fly.
   It may slow you when you take damage.
   It affects your SH (+5).
 k - the ring "Mawedgh" {Fire -Tele Int+5 Dex+2}
   (You acquired it in Pandemonium)

   [ring of fire]

   It enhances your fire magic.
   It affects your intelligence (+5).
   It affects your dexterity (+2).
   It protects you from fire.
   It makes you vulnerable to cold.
   It prevents most forms of teleportation.
 y - the ring of Yroeff {rC+ Str+2 SInv}
   (You took it off a deep elf sorcerer on level 3 of the Elven Halls)

   [ring of protection from cold]

   It affects your strength (+2).
   It protects you from cold.
   It lets you see invisible.
 G - the ring "Lehom" (right hand) {rC+ MR+ AC+3 Int+4 Dex-4}
   (You bought it in a shop on level 1 of the Snake Pit)

   [ring of protection]

   It affects your AC (+3).
   It affects your intelligence (+4).
   It affects your dexterity (-4).
   It protects you from cold.
   It affects your resistance to hostile enchantments.
 Y - the ring "Akkyco" (left hand) {rF+ rCorr Dex+4}
   (You found it on level 5 of the Pits of Slime)

   [ring of resist corrosion]

   It affects your dexterity (+4).
   It protects you from fire.
   It provides partial protection from all sources of acid and corrosion.
Wands
 w - a wand of acid (25)
 K - a wand of iceblast (14)
 R - a wand of clouds (9)
 T - a wand of digging (18)
Scrolls
 c - 2 scrolls of silence {!r}
 q - 5 scrolls of torment
 z - 6 scrolls of blinking {@r9}
 A - 9 scrolls of vulnerability
 B - 51 scrolls of remove curse
 D - 13 scrolls of fear
 E - 22 scrolls of teleportation {@r0}
 F - 20 scrolls of immolation
 J - 11 scrolls of fog {@r8}
 V - a scroll of summoning
 W - 10 scrolls of identify {@r1}
Potions
 a - 10 potions of agility
 j - 6 potions of might
 n - 9 potions of cancellation
 t - 9 potions of ambrosia
 u - 49 potions of curing {@q1}
 I - 4 potions of magic
 U - 2 potions of resistance
 X - 22 potions of heal wounds {@q2}
Miscellaneous
 g - the horn of Geryon
 l - a figurine of a ziggurat
 s - a lightning rod (4/4)
 C - 7 phantom mirrors
 H - 3 boxes of beasts
 L - 8 sacks of spiders
 M - a phial of floods
 Q - a lamp of fire
 S - a fan of gales
Comestibles
 d - 134 rations


   Skills:
 O Level 27 Fighting
   Level 9.8(14.0) Slings
 - Level 16.0(16.9) Throwing
 O Level 27 Armour
 + Level 25.6 Dodging
 - Level 20.0 Stealth
 - Level 25.0 Shields
 O Level 27 Unarmed Combat
 - Level 19.5 Spellcasting
 - Level 18.0 Hexes
 - Level 14.0 Charms
 - Level 15.0 Summonings
 - Level 14.0 Necromancy
 - Level 10.0 Translocations
 - Level 8.0 Transmutations
 - Level 14.0 Air Magic
 - Level 8.0 Earth Magic
 - Level 25.0 Invocations
 - Level 20.0 Evocations


You had 2 spell levels left.
You knew the following spells:

 Your Spells              Type           Power        Failure   Level  Hunger
a - Passwall              Tmut/Erth      ###.....     1%          2    None
b - Swiftness             Chrm/Air       ####....     1%          2    None
c - Regeneration          Chrm/Necr      ####......   1%          3    None
d - Confusing Touch       Hex            #####.       0%          1    None
e - Animate Dead          Necr           N/A          1%          4    ###....
f - Summon Butterflies    Summ           #####...     1%          1    None
g - Portal Projectile     Hex/Tloc       ####..       1%          3    None
h - Blink                 Tloc           N/A          1%          2    None
i - Aura of Abjuration    Summ           #####.....   1%          5    #####..
j - Confuse               Hex            #####...     1%          3    None
k - Summon Mana Viper     Hex/Summ       #####...     1%          5    #####..
l - Lesser Beckoning      Tloc           ####......   1%          3    None
m - Darkness              Hex            #####.....   1%          6    ######.
n - Apportation           Tloc           ####..       1%          1    None
o - Passage of Golubria   Tloc           N/A          3%          4    ###....
p - Song of Slaying       Chrm           ####....     1%          2    None
q - Summon Forest         Summ/Tloc      ####......   3%          5    #####..
r - Invisibility          Hex            #####...     1%          6    ######.
S - Silence               Hex/Air        #####.....   1%          5    #####..

Your spell library contained the following spells:

 Spells                   Type           Power        Failure   Level  Hunger
 Corona                   Hex            #####..      0%          1    None
 Animate Skeleton         Necr           N/A          1%          1    None
 Infusion                 Chrm           ####         1%          1    None
 Pain                     Necr           ####         1%          1    None
 Sandblast                Erth           ###...       1%          1    None
 Shock                    Conj/Air       ###.         1%          1    None
 Summon Small Mammal      Summ           ####         1%          1    None
 Call Imp                 Summ           #####...     1%          2    None
 Corpse Rot               Necr           N/A          1%          2    None
 Ensorcelled Hibernation  Hex/Ice        ####..       1%          2    None
 Poisonous Vapours        Pois/Air       ###...       1%          2    None
 Shroud of Golubria       Chrm/Tloc      ####..       1%          2    None
 Slow                     Hex            #####...     1%          2    None
 Sticks to Snakes         Tmut           ###.....     1%          2    None
 Flame Tongue             Conj/Fire      #....        22%         1    None
 Freeze                   Ice            #...         22%         1    None
 Magic Dart               Conj           #...         22%         1    None
 Sting                    Conj/Pois      #...         22%         1    None
 Searing Ray              Conj           #.....       32%         2    None
 Throw Flame              Conj/Fire      #.....       32%         2    None
 Throw Frost              Conj/Ice       #.....       32%         2    None
 Call Canine Familiar     Summ           #####...     1%          3    None
 Dazzling Spray           Conj/Hex       ####..       1%          3    None
 Gell's Gravitas          Tloc           ####......   1%          3    None
 Inner Flame              Hex/Fire       ####....     1%          3    None
 Recall                   Summ/Tloc      N/A          1%          3    None
 Spectral Weapon          Hex/Chrm       #####...     1%          3    None
 Summon Guardian Golem    Hex/Summ       #####...     1%          3    None
 Teleport Other           Tloc           ####....     1%          3    None
 Tukima's Dance           Hex            #####...     1%          3    None
 Vampiric Draining        Necr           ####......   1%          3    None
 Airstrike                Air            ####......   1%          4    ###....
 Cause Fear               Hex            #####.....   1%          4    ###....
 Leda's Liquefaction      Hex/Erth       ####......   1%          4    ###....
 Summon Lightning Spire   Summ/Air       ####....     1%          4    ###....
 Agony                    Necr           ####....     1%          5    #####..
 Excruciating Wounds      Chrm/Necr      ####......   1%          5    #####..
 Summon Demon             Summ           #####.....   1%          5    #####..
 Yara's Violent Unravell  Hex/Tmut       ####......   2%          5    #####..
 Ozocubu's Armour         Chrm/Ice       ###.....     3%          3    None
 Static Discharge         Conj/Air       ###.....     3%          3    None
 Fulminant Prism          Conj/Hex       ####......   5%          4    ###....
 Borgnjor's Vile Clutch   Necr/Erth      ####......   6%          5    #####..
 Shadow Creatures         Summ           N/A          7%          6    ######.
 Petrify                  Tmut/Erth      ###.....     8%          4    ###....
 Mephitic Cloud           Conj/Pois/Air  ###.....     10%         3    None
 Summon Ice Beast         Ice/Summ       ###.....     10%         4    ###....
 Death Channel            Necr           ####......   11%         6    ######.
 Deflect Missiles         Chrm/Air       ####......   11%         6    ######.
 Stone Arrow              Conj/Erth      ###...       12%         3    None
 Metabolic Englaciation   Hex/Ice        ####......   14%         5    #####..
 Ignite Poison            Fire/Tmut/Pois ##......     22%         3    None
 Lee's Rapid Deconstruct  Erth           ###.......   22%         5    #####..
 Force Lance              Conj/Tloc      ###.....     26%         4    ###....
 Iskenderun's Battlesphe  Conj/Chrm      ###.....     32%         5    #####..
 Lightning Bolt           Conj/Air       ###.......   32%         5    #####..
 Monstrous Menagerie      Summ           #####.....   36%         7    #######
 Summon Greater Demon     Summ           #####.....   36%         7    #######
 Summon Hydra             Summ           #####.....   36%         7    #######
 Dispersal                Tloc           ####......   45%         6    ######.
 Conjure Flame            Conj/Fire      #.......     54%         3    None
 Discord                  Hex            #####.....   65%         8    #######
 Malign Gateway           Summ/Tloc      ####......   71%         7    #######
 Alistair's Intoxication  Tmut/Pois      ###.....     75%         5    #####..
 Irradiate                Conj/Tmut      ###.......   75%         5    #####..
 Conjure Ball Lightning   Conj/Air       ###.......   88%         6    ######.
 Simulacrum               Ice/Necr       ###.......   88%         6    ######.
 Bolt of Magma            Conj/Fire/Erth ##........   89%         5    #####..
 Iskenderun's Mystic Bla  Conj           #.......     91%         4    ###....
 Olgreb's Toxic Radiance  Pois           #.......     91%         4    ###....
 Sticky Flame             Conj/Fire      #.......     91%         4    ###....
 Throw Icicle             Conj/Ice       #.......     91%         4    ###....
 Summon Horrible Things   Summ           #####.....   96%         8    #######
 Fireball                 Conj/Fire      #.........   99%         5    #####..
 Venom Bolt               Conj/Pois      #.........   99%         5    #####..
 Freezing Cloud           Conj/Ice/Air   ###.......   99%         6    ######.
 Iron Shot                Conj/Erth      ###.......   99%         6    ######.
 Bolt of Cold             Conj/Ice       #.........   100%        6    ######.
 Bolt of Fire             Conj/Fire      #.........   100%        6    ######.
 Ozocubu's Refrigeration  Ice            #.........   100%        6    ######.
 Poison Arrow             Conj/Pois      #.........   100%        6    ######.
 Orb of Destruction       Conj           #.........   100%        7    #######
 Ring of Flames           Chrm/Fire      ###.......   100%        7    #######
 Spellforged Servitor     Conj/Summ      ###.......   100%        7    #######
 Chain Lightning          Conj/Air       ###.......   100%        8    #######
 Controlled Blink         Tloc           N/A          100%        8    #######
 Disjunction              Tloc           ####......   100%        8    #######
 Ignition                 Fire           #.........   100%        8    #######
 Lehudib's Crystal Spear  Conj/Erth      ###.......   100%        8    #######
 Dragon's Call            Summ           #####.....   100%        9    #######
 Fire Storm               Conj/Fire      #.........   100%        9    #######
 Glaciate                 Conj/Ice       #.........   100%        9    #######
 Shatter                  Erth           ###.......   100%        9    #######
 Tornado                  Air            ####......   100%        9    #######
 Beastly Appendage        Tmut           Unusable     N/A         1    N/A
 Sublimation of Blood     Necr           Unusable     N/A         2    N/A
 Spider Form              Tmut/Pois      Unusable     N/A         3    N/A
 Blade Hands              Tmut           Unusable     N/A         5    N/A
 Ice Form                 Ice/Tmut       Unusable     N/A         4    N/A
 Hydra Form               Tmut           Unusable     N/A         6    N/A
 Statue Form              Tmut/Erth      Unusable     N/A         6    N/A
 Dragon Form              Tmut           Unusable     N/A         7    N/A
 Necromutation            Tmut/Necr      Unusable     N/A         8    N/A

Dungeon Overview and Level Annotations

Branches:
Dungeon (15/15)            Temple (1/1) D:6            Lair (6/6) D:11
 Shoals (4/4) Lair:2        Snake (4/4) Lair:3        Slime (5/5) Lair:5
    Orc (2/2) D:12            Elf (3/3) Orc:2        Vaults (5/5) D:14
  Crypt (3/3) Vaults:3       Tomb (3/3) Crypt:3      Depths (5/5) D:15
   Hell (visited)             Dis (7/7) Hell            Geh (7/7) Hell
    Coc (7/7) Hell            Tar (7/7) Hell            Zot (5/5) Depths:5
 Bailey (visited)           IceCv (visited)         Volcano (visited)
Gauntlet (visited)

Altars:
Ashenzari
Cheibriados
Dithmenos
Elyvilon
Fedhas
Gozag
Hepliaklqana
Kikubaaqudgha
Makhleb
Nemelex Xobeh
Okawaru
Qazlal
Ru
Sif Muna
Trog
Uskayaw
Vehumet
Wu Jian
Xom
Yredelemnul
Zin
The Shining One
Jiyva

Shops:
D:9 *   Orc:2 ![:?   Elf:3 }   Shoals:1 %   Snake:1 }=}   Vaults:2 =
Vaults:4 [*([   Depths:4 ?

Portals:
Hell: Hell* Depths:1 Depths:2 Depths:3 Depths:4 Depths:5
Abyss: Depths:2 Depths:3 Depths:4
Pandemonium: Depths:3 Depths:5
Ziggurat: Depths:2

Annotations:
Snake:3 sling bullets


Innate Abilities, Weirdness & Mutations

Your body is rotting away.
You thrive on raw meat.
You are immune to poison.
You have sharp fingernails.
You are carnivorous and can eat meat at any time.
Your flesh is cold resistant. (rC+)
You are immune to negative energy. (rN+++)
You do not regenerate when monsters are visible.
You are immune to unholy pain and torment.
You can survive without breathing.


Message History

There is an open door here.
You see here a cursed -3 club.
There is an open door here.
You feel your flesh rotting away.
A bat and an eye of draining come into view.
You block the bat's attack. You block the bat's attack.
The bat closely misses you. You block the bat's attack.
You block the bat's attack. You block the bat's attack.
You block the bat's attack. The bat hits you but does no damage.
You block the bat's attack. You block the bat's attack.
You block the bat's attack.
You pummel the bat like a punching bag!!!!
You kill the bat!
There is a staircase leading out of the dungeon here.
You have escaped!

######..#.####..########.........
...#..........♣..♣...###.........
...###..###.....PPP..P##......#..
.....#..##..♣..........#.....≈#..
...#.##>#...........P.♣.#...≈≈#..
.....##.#P.....P.P.....P....≈8#..
####.##.#....P.....P..♣.....≈≈#..
##...##.#............♣.P#....≈#..
##...##.#♣..P...@...P...##'#..###
##)..##.#..............P##.#..#
##...##.#..♣.P.....P....#.....###
.....'......♣..P.P....P..........
.....###.............♣.......####
.....# #......P......♣.#.....#
.....# ####.........P.##.....#
....## ##.......P.###.....# #####
#########....)....#


There were no monsters in sight!

Vanquished Creatures
  Cerebov (Pan)
  Antaeus (Coc:7)
  Asmodeus (Geh:7)
  A seraph (Pan)
  Ereshkigal (Tar:7)
  the Royal Jelly (Slime:5)
  Gloorx Vloq (Pan)
  Mnoleg (Pan)
  Dispater (Dis:7)
  2 orbs of fire (Zot:5)
  15 ancient liches
  Mennas (Pan)
  3 juggernauts
  24 pandemonium lords (Pan)
  27 greater mummies
  Sojobo (Depths:5)
  A Killer Klown (Zot:5)
  The ghost of Cuucabuana the Slayer, a veteran MiGl of Okawaru (Elf:2)
  13 shard shrikes
  Frederick (Tomb:3)
  A curse toe (Zot:2)
  6 caustic shrikes
  Geryon (Hell)
  2 pearl dragons (Pan)
  2 profane servitors
  15 bone dragons
  11 golden dragons
  41 Brimstone Fiends
  21 doom hounds
  3 electric golems
  8 iron giants
  73 Tzitzimimeh
  5 hellephants
  19 tentacled monstrosities
  25 Orb Guardians
  35 Hell Sentinels
  36 Ice Fiends
  6 titans
  14 quicksilver dragons
  2 deep elf blademasters (Elf:3)
  2 deep elf master archers (Elf:3)
  12 liches
  Asterion (Vaults:1)
  20 acid blobs
  9 tentacled starspawn
  5 eldritch tentacles
  10 death cobs
  49 Executioners
  18 ancient champions
  19 sphinxes
  A thorn hunter (Depths:2)
  The ghost of flt the Nimble, an adept DrVM of Hepliaklqana (Elf:3)
  35 shadow dragons
  5 tengu reavers
  17 storm dragons
  21 nagarajas
  An azure jelly (shapeshifter) (Elf:3)
  Roxanne (Elf:2)
  5 draconian monks
  8 azure jellies
  22 blood saints (Pan)
  10 fire giants
  13 frost giants
  7 draconian knights
  3 orc warlords
  9 draconian scorchers
  14 daevas
  3 revenants
  12 deep elf sorcerers
  Aizul (Snake:3)
  43 cacodemons
  4 ghost moths
  52 balrugs
  14 iron dragons
  25 ghouls
  12 vault wardens
  26 black suns (Pan)
  2 emperor scorpions
  17 warmongers (Pan)
  6 draconian stormcallers
  A juggernaut zombie (Depths:3)
  5 draconian shifters
  4 elemental wellsprings
  8 deep elf elementalists
  39 angels
  15 ironheart preservers
  4 curse skulls
  109 reapers
  22 ophanim
  26 war gargoyles
  5 entropy weavers
  2 draconian annihilators (Zot:1)
  A spriggan defender (Depths:5)
  16 very ugly things
  9 vampire knights
  Nessos (D:14)
  9 deep elf demonologists
  19 stone giants
  31 apis (Pan)
  7 black draconians
  15 green draconians
  16 purple draconians
  9 white draconians
  3 dire elephants
  30 lorocyprocas
  5 bennus
  25 corrupters (Pan)
  11 yellow draconians
  2 minotaurs
  9 deep elf annihilators
  8 eidola
  17 red draconians
  60 blizzard demons
  6 deep elf death magi
  10 spark wasps
  12 ettins
  9 quicksilver dragon zombies
  2 merfolk javelineers (Shoals:4)
  33 green deaths
  11 jiangshi
  Josephine (D:10)
  8 merfolk impalers
  7 deep elf high priests
  15 fire dragons
  22 mummy priests
  16 yaktaur captains
  7 death oozes (Slime:5)
  A kraken zombie (Coc:7)
  15 great orbs of eyes
  Fannar (D:10)
  32 ice dragons
  Harold (D:8)
  21 naga warriors
  17 rakshasas
  25 vault guards
  A juggernaut simulacrum (Depths:2)
  9 quicksilver dragon skeletons
  26 monstrous demonspawn (Pan)
  4 spriggan air magi
  15 hell beasts
  15 hydras
  5 ghost crabs
  18 centaur warriors
  7 catoblepae
  8 anacondas
  3 satyrs
  8 death yaks
  31 two-headed ogres
  A tengu warrior (Depths:2)
  10 death knights
  An alligator (Zot:1)
  4 merfolk aquamancers
  16 deep troll earth magi
  13 ogre magi
  12 death scarabs
  A death yak (shapeshifter) (Depths:4)
  3 alligator snapping turtles
  5 merfolk avatars
  15 titan zombies
  33 small abominations
  24 naga sharpshooters
  3 queen ants
  10 deep troll shamans
  64 hell hogs
  38 dancing weapons
  3 shock serpents
  11 thrashing horrors
  11 vampire magi
  6 spriggan berserkers
  117 soul eaters
  2 holy swine (Depths:2)
  16 deep elf knights
  15 titan skeletons
  A fire crab (Geh:4)
  7 shadow wraiths
  9 iron golems
  112 slime creatures
  13 storm dragon zombies
  207 skeletal warriors
  11 iron trolls
  2 salamander mystics
  A fire crab (shapeshifter) (Depths:5)
  93 sun demons
  A deep troll (shapeshifter) (Vaults:5)
  10 wretched stars
  3 spatial maelstroms
  9 sea snakes
  50 sixfirhies
  67 hell knights
  A quicksilver dragon simulacrum (Tar:3)
  27 deep trolls
  5 ghost moth zombies
  10 storm dragon skeletons
  15 cherubim
  A death drake (shapeshifter) (Vaults:5)
  An unseen horror (shapeshifter) (Vaults:4)
  5 glowing orange brains
  42 shadow demons
  27 torturous demonspawn (Pan)
  21 flayed ghosts
  4 death drakes
  7 wizards
  20 anaconda zombies
  20 infernal demonspawn (Pan)
  2 unseen horrors
  2 sea snakes (shapeshifter)
  10 orc knights
  Pikel (D:7)
  15 golden dragon zombies
  2 naga ritualists
  31 gelid demonspawn
  50 phantasmal warriors
  10 shadow dragon zombies
  5 deep elf archers
  3 harpies (shapeshifter)
  A swamp dragon (shapeshifter) (Abyss:3)
  14 anaconda skeletons
  An orange crystal statue (Crypt:1)
  11 ironbrand convokers
  4 wolf spider zombies
  32 harpies
  An orb spider (Lair:1)
  4 lindwurms
  51 deep elf magi
  5 sphinx zombies
  8 shadow dragon skeletons
  19 necromancers
  25 manticores
  11 golden dragon skeletons
  12 mana vipers
  3 tengu skeletons
  6 wolf spiders
  17 iron dragon zombies
  5 oklob plants
  38 ugly things
  21 fire giant zombies
  14 cyclopes
  15 frost giant skeletons
  8 shining eyes
  18 frost giant zombies
  11 stone giant zombies
  2 worldbinders (Abyss:3)
  3 apocalypse crabs
  18 elephants
  19 salamanders
  3 orc sorcerers
  18 fauns
  A moth of wrath (shapeshifter) (Vaults:4)
  10 iron dragon skeletons
  7 eyes of devastation
  28 moths of wrath
  49 rust devils
  5 ice statues
  27 black mambas
  3 salamanders (shapeshifter)
  10 merfolk sirens
  19 naga magi
  4 shock serpent zombies
  Joseph (D:8)
  A torpor snail (shapeshifter) (Depths:5)
  9 guardian serpents
  10 fire giant skeletons
  11 vault sentinels
  3 torpor snails
  5 spriggan zombies
  14 spiny frogs
  7 stone giant skeletons
  2 storm dragon simulacra
  3 gargoyles
  11 dire elephant zombies
  6 water nymphs
  9 dire elephant skeletons
  6 shock serpent skeletons
  120 smoke demons
  6 kobold demonologists (D:12)
  15 molten gargoyles
  A death yak zombie (Crypt:2)
  2 emperor scorpion zombies (Tar:7)
  95 hellions
  99 tormentors
  4 rime drakes
  56 orange demons
  59 demonic crawlers
  34 hellwings
  3 catoblepas zombies
  4 minotaur zombies
  48 yaktaurs
  2 tengu conjurers
  9 catoblepas skeletons
  A red draconian zombie (Geh:5)
  A yaktaur (shapeshifter) (Geh:1)
  13 komodo dragons
  An anaconda simulacrum (Coc:6)
  6 silent spectres
  4 iron troll zombies (Dis:3)
  30 efreet
  69 ice devils
  78 red devils
  27 hydra zombies
  47 guardian mummies
  57 freezing wraiths
  13 polar bears
  7 ancient zymes
  9 harpy zombies
  A green draconian skeleton (Crypt:2)
  14 trolls
  A jumping spider (shapeshifter) (Vaults:3)
  6 jumping spiders
  A queen bee (D:11)
  21 merfolk
  A wolf spider simulacrum (Abyss:1)
  9 wind drakes
  2 iron troll skeletons (Dis:3)
  2 merfolk (shapeshifter)
  5 hornets
  24 blink frogs
  122 large abominations
  11 hydra skeletons
  Grinder (D:3)
  2 polar bears (shapeshifter)
  8 snapping turtles
  A sphinx simulacrum (Depths:3)
  3 harpy skeletons
  A raiju (shapeshifter) (D:13)
  A satyr zombie (Crypt:2)
  A dream sheep (shapeshifter) (Depths:4)
  A shadow dragon simulacrum (Depths:3)
  8 bog bodies
  10 fire dragon zombies
  18 hippogriffs
  13 ice dragon zombies
  11 alligator zombies
  A deep troll zombie (Hell)
  27 raiju
  7 dream sheep
  A hippogriff (shapeshifter) (Depths:4)
  3 centaur simulacra
  176 flying skulls
  74 shadows
  85 ynoxinuls
  7 redbacks
  7 alligator skeletons
  11 ice dragon skeletons
  15 ushabtiu
  4 vampires
  19 fire dragon skeletons
  3 black mamba zombies
  15 ettin zombies
  2 dire elephant simulacra
  6 air elementals
  60 wraiths
  12 ettin skeletons
  A redback (shapeshifter) (Depths:5)
  2 spriggans (Depths:5)
  7 fire bats
  3 wyverns
  A hog (shapeshifter) (Elf:3)
  28 water elementals
  32 fire elementals
  7 black mamba skeletons
  2 humans (shapeshifter)
  6 golden eyes
  25 yaks
  2 yaks (shapeshifter)
  13 basilisks
  A golden eye (shapeshifter) (Elf:3)
  10 hungry ghosts
  58 chaos spawn
  40 neqoxecs
  11 vampire mosquitoes
  15 wargs
  A spatial vortex (Abyss:3)
  A swamp worm (shapeshifter) (D:15)
  76 nagas
  5 acid dragons
  146 hell hounds
  24 soldier ants
  2 acid dragons (shapeshifter)
  15 water moccasins
  6 porcupines
  5 spiny frog zombies
  8 spiny frog skeletons
  6 floating eyes
  2 hydra simulacra
  A porcupine (shapeshifter) (Vaults:3)
  4 alligator simulacra
  2 ettin simulacra
  52 orc warriors
  13 black bears
  A gelid demonspawn skeleton (Crypt:2)
  3 sky beasts
  4 manticore zombies
  53 necrophages
  A dream sheep zombie (Crypt:1)
  23 ice beasts
  An eye of draining (shapeshifter) (Depths:2)
  42 ogres
  8 eyes of draining
  14 phantoms
  3 swamp dragon skeletons
  22 snapping turtle zombies
  6 boggarts
  40 centaurs
  2 swamp dragon zombies
  A wolf (shapeshifter) (Vaults:5)
  24 wolves
  15 crocodiles
  10 snapping turtle skeletons
  A manticore skeleton (Geh:6)
  17 bullfrogs
  An octopode zombie (Crypt:1)
  5 human zombies
  4 big kobolds
  12 earth elementals
  5 elf zombies
  A glowing shapeshifter simulacrum (Depths:3)
  A bullfrog (shapeshifter) (Elf:3)
  A wyvern zombie (D:9)
  3 spiny frog simulacra
  5 scorpions
  8 wyvern skeletons
  A troll zombie (Dis:2)
  A shapeshifter zombie (Crypt:2)
  3 tengu zombies
  174 wights
  26 killer bees (D:11)
  A troll skeleton (Abyss:3)
  A spriggan skeleton (Tar:1)
  4 jellies
  4 electric eels
  A howler monkey (D:5)
  18 crimson imps
  A bullfrog zombie (D:11)
  6 centaur zombies
  18 starcursed masses
  2 lava snakes (D:15)
  2 quasits
  6 hounds
  13 orc priests
  Crazy Yiuf (D:2)
  An elf simulacrum (Coc:7)
  2 bullfrog skeletons
  6 centaur skeletons
  50 iron imps
  A demonspawn skeleton (Crypt:1)
  3 iguanas
  Ijyb (D:3)
  17 orc wizards
  27 worker ants
  Natasha (thrice) (D:1)
  A human skeleton (Tar:4)
  13 hell rats
  A naga zombie (Crypt:1)
  2 bullfrog simulacra
  A big kobold skeleton (Crypt:1)
  A hound zombie (D:6)
  An ogre skeleton (Tar:5)
  64 mummies
  Robin (D:2)
  7 gnolls
  11 adders
  2 river rats (D:11)
  33 shadow imps
  27 white imps
  A howler monkey simulacrum (D:10)
  2 worker ant simulacra (D:10)
  6 ufetubi
  An ooze (D:3)
  2 adder skeletons
  2 halfling skeletons (Crypt:1)
  2 worms
  6 ball lightnings
  2 dart slugs
  9 leopard geckos
  110 orcs
  4 giant cockroaches
  13 goblins
  18 hobgoblins
  8 jackals (D:5)
  5 quokkas
  A ball python (D:8)
  11 bats
  8 frilled lizards
  13 kobolds
  A kobold zombie (D:7)
  An orc skeleton (Geh:2)
  4 orc zombies
  A quokka skeleton (D:5)
  8 rats
  A crawling corpse (Elf:3)
  A demonic plant (Pan)
  4 fire vortices
  2 fungi (Lair:6)
  11 plants
  4 starspawn tentacles
  2 tentacles (Coc:7)
  2 withered plants
7519 creatures vanquished.

Vanquished Creatures (collateral kills)
  A shard shrike (Hell)
  A caustic shrike (Slime:5)
  A golden dragon (Depths:5)
  A pandemonium lord (Pan)
  A Brimstone Fiend (Geh:7)
  2 Hell Sentinels
  Jorgrun (D:14)
  An Ice Fiend (Pan)
  A titan (Hell)
  An acid blob (Slime:3)
  An eldritch tentacle (Coc:7)
  A shadow dragon (Zot:1)
  A draconian monk (Zot:2)
  An iron dragon (Dis:7)
  4 daevas (Pan)
  A frost giant (Dis:7)
  2 deep elf sorcerers
  A ghost moth (Zot:1)
  A vault warden (Vaults:4)
  2 cacodemons
  A nagaraja (Snake:4)
  A deep elf elementalist (Elf:2)
  4 reapers
  A very ugly thing (Abyss:3)
  A deep elf demonologist (Elf:3)
  2 blood saints (Pan)
  2 ironheart preservers (Vaults:4)
  An ophan (Pan)
  A dire elephant (Zot:1)
  Azrael (D:12)
  A deep elf annihilator (Elf:3)
  A minotaur (Slime:5)
  3 blizzard demons
  An ettin (Lair:4)
  2 mummy priests (Tomb:3)
  2 deep elf death magi (Elf:3)
  A fire dragon (Zot:1)
  A green death (Pan)
  A quicksilver dragon zombie (Tomb:2)
  A death ooze (Slime:5)
  An ice dragon (Coc:7)
  A naga warrior (Snake:4)
  2 hydras
  A vault guard (Vaults:4)
  A monstrous demonspawn (Pan)
  A catoblepas (Lair:6)
  An anaconda (Snake:3)
  2 death scarabs (Tomb:2)
  3 hell hogs
  3 hell knights (Geh:6)
  A soul eater (Pan)
  2 shock serpents (Snake:2)
  A sun demon (Pan)
  An iron golem (Dis:7)
  2 deep elf knights
  An iron troll (Zot:1)
  3 skeletal warriors
  A sixfirhy (Pan)
  2 cherubim (Pan)
  A shadow demon (Dis:7)
  A deep troll (Vaults:5)
  An infernal demonspawn (Pan)
  3 deep elf archers
  2 naga ritualists
  A swamp dragon (Pan)
  A mana viper (Snake:2)
  A phantasmal warrior (Geh:7)
  2 shining eyes
  A faun (Slime:5)
  4 deep elf magi
  An elephant (Gauntlet)
  A stone giant skeleton (Coc:7)
  A vault sentinel (Vaults:5)
  A smoke demon (Pan)
  2 rust devils
  An ice statue (IceCv)
  A komodo dragon (Lair:1)
  An ice devil (Pan)
  A hellwing (Abyss:3)
  A freezing wraith (Coc:7)
  A tormentor (Dis:7)
  4 guardian mummies (Tomb:3)
  A hydra zombie (Dis:7)
  A jumping spider (Vaults:4)
  2 raiju (Abyss:3)
  A snapping turtle (Depths:5)
  A slime creature (Slime:5)
  A redback (Vaults:4)
  A flying skull (Tomb:2)
  A ynoxinul (Pan)
  A fire bat (Pan)
  A fire elemental (Hell)
  An ushabti (Tomb:3)
  A shadow (Abyss:3)
  A naga (Snake:2)
  A hell hound (Abyss:3)
  An ice beast (D:11)
  3 orc warriors (Bailey)
  An ogre (D:11)
  A phantom (D:11)
  2 centaurs (Bailey)
  7 killer bees (D:11)
  14 mummies
  3 orcs (Bailey)
166 creatures vanquished.

Vanquished Creatures (others)
  Lom Lobon (Pan)
  A tentacled monstrosity (Zot:1)
  7 eldritch tentacles
  A sphinx (Tomb:1)
  A storm dragon (Vaults:5)
  A frost giant (Coc:7)
  A vault warden (Vaults:3)
  A blood saint (Pan)
  An elemental wellspring (Coc:7)
  A black sun (Pan)
  A deep elf demonologist (Elf:2)
  A stone giant (Depths:1)
  A dire elephant (Gauntlet)
  A green death (Pan)
  A blizzard demon (Pan)
  4 yaktaur captains
  An ice dragon (Coc:7)
  A hell beast (Pan)
  A satyr (Shoals:4)
  A centaur warrior (Depths:1)
  A two-headed ogre (Volcano)
  9 hell hogs
  2 deep troll earth magi
  A sixfirhy (Pan)
  A skeletal warrior (Coc:5)
  2 shadow demons
  2 deep elf archers
  A wizard (Pan)
  A cyclops (Vaults:2)
  A deep elf mage (Elf:2)
  An ice devil (Dis:7)
  2 hellions (Pan)
  7 yaktaurs
  A hellwing (Pan)
  A guardian mummy (Tomb:3)
  A red devil (Pan)
  2 tormentors
  A hydra zombie (Coc:6)
  2 merfolk
  5 flying skulls
  A water elemental (Elf:2)
  A fire dragon skeleton (Geh:7)
  2 shadows
  4 wraiths
  2 ynoxinuls (Pan)
  An ushabti (Tomb:3)
  A naga (Snake:4)
  A water moccasin (Lair:1)
  A soldier ant (shapeshifter) (Elf:3)
  2 hell hounds (Geh:1)
  A spiny frog zombie (Coc:6)
  A slave (D:7)
  A spiny frog skeleton (Geh:1)
  3 orc warriors
  2 necrophages
  A phantom (Geh:1)
  2 ogres (Vaults:4)
  3 centaurs
  9 wights
  A crimson imp (Hell)
  A bullfrog zombie (D:12)
  2 iron imps (Dis:7)
  A bullfrog skeleton (D:7)
  5 hell rats (Hell)
  A worker ant (Lair:6)
  A mummy (Dis:4)
  A shadow imp (Tar:3)
  An ufetubus (Abyss:3)
  30 ball lightnings
  3 orcs
  A quokka (D:7)
  An orc skeleton (Geh:7)
  A block of ice (Pan)
  A bush (Lair:6)
  A crawling corpse (Elf:3)
  A demonic plant (Pan)
  22 fungi
  3 lurking horrors
  78 plants
  32 starspawn tentacles
  5 tentacles (Coc:7)
  A withered plant (Crypt:3)
306 creatures vanquished.

Grand Total: 7991 creatures vanquished

Notes
Turn   | Place    | Note
-------+----------+-------------------------------------------
     0 | D:1      | gentoosiast the Ghoul Fighter began the quest for the Orb.
     0 | D:1      | Reached XP level 1. HP: 19/19 MP: 0/0
   152 | D:1      | Reached XP level 2. HP: 15/26 MP: 1/1
   683 | D:1      | Reached XP level 3. HP: 31/31 MP: 2/2
   859 | D:2      | Noticed Natasha
   877 | D:1      | Killed Natasha
   877 | D:1      | Reached skill level 1 in Dodging
  1511 | D:2      | Reached XP level 4. HP: 35/38 MP: 3/3
  1616 | D:2      | Found a runed translucent door.
  1617 | D:2      | Noticed Crazy Yiuf
  1694 | D:2      | Found an iron altar of Okawaru.
  1744 | D:2      | Noticed Robin
  1777 | D:2      | Killed Robin
  2231 | D:2      | Found a bloodstained altar of Trog.
  2617 | D:1      | Noticed Natasha
  2619 | D:1      | Killed Natasha
  2619 | D:1      | Reached XP level 5. HP: 40/44 MP: 4/4
  3009 | D:1      | Noticed Natasha
  3017 | D:1      | Killed Natasha
  3067 | D:3      | Found a shimmering blue altar of Sif Muna.
  3483 | D:3      | Found a sacrificial altar of Ru.
  3503 | D:3      | Reached XP level 6. HP: 41/52 MP: 5/5
  3640 | D:3      | Noticed Ijyb
  3652 | D:3      | Killed Ijyb
  3786 | D:3      | Noticed Grinder
  3792 | D:3      | Paralysed by Grinder for 3 turns
  3796 | D:3      | Killed Grinder
  3796 | D:3      | Reached XP level 7. HP: 49/60 MP: 6/6
  3993 | D:4      | Learned a level 2 spell: Passwall
  4060 | D:4      | Found a stormy altar of Qazlal.
  4466 | D:4      | Found an opulent altar of Gozag.
  4822 | D:5      | Entered Level 5 of the Dungeon
  4888 | D:5      | Reached skill level 5 in Fighting
  4888 | D:5      | Reached skill level 5 in Unarmed Combat
  5170 | D:5      | Reached XP level 8. HP: 68/68 MP: 7/7
  5478 | D:6      | Reached skill level 5 in Shields
  5565 | D:6      | Found a staircase to the Ecumenical Temple.
  5580 | Temple   | Entered the Ecumenical Temple
  5717 | Temple   | Became a worshipper of Nemelex Xobeh the Trickster
  5784 | D:6      | Reached skill level 1 in Invocations
  5890 | D:6      | Received a gift from Nemelex Xobeh
  6434 | D:7      | Noticed Pikel
  6463 | D:7      | Killed Pikel
  6463 | D:7      | Reached XP level 9. HP: 64/74 MP: 8/10
  6904 | D:7      | Reached skill level 5 in Invocations
  7260 | D:8      | Reached XP level 10. HP: 77/81 MP: 12/12
  7303 | D:8      | Reached * piety under Nemelex Xobeh
  7334 | D:8      | Found a flagged portal.
  7357 | Bailey   | Entered a bailey
  8219 | Bailey   | Reached skill level 10 in Unarmed Combat
  8640 | D:8      | Received a gift from Nemelex Xobeh
  8755 | D:8      | Noticed Harold
  8793 | D:8      | Killed Harold
  8793 | D:8      | Reached skill level 10 in Shields
  8882 | D:8      | Noticed Joseph
  8911 | D:8      | Killed Joseph
  9285 | D:9      | Found a basalt altar of Yredelemnul.
  9324 | D:9      | Reached XP level 11. HP: 73/86 MP: 13/13
  9439 | D:9      | Received a gift from Nemelex Xobeh
  9574 | D:9      | Reached ** piety under Nemelex Xobeh
  9601 | D:9      | Found Kofuoq's Changing Room.
  9979 | D:9      | Received a gift from Nemelex Xobeh
 10283 | D:10     | Entered Level 10 of the Dungeon
 10296 | D:10     | Noticed Fannar
 10340 | D:10     | Killed Fannar
 10911 | D:10     | Noticed Josephine
 10912 | D:10     | Killed Josephine
 11285 | D:10     | Received a gift from Nemelex Xobeh
 11302 | D:10     | Reached *** piety under Nemelex Xobeh
 11909 | D:10     | Got a pitted ruby amulet
 12056 | D:11     | Noticed a two-headed ogre
 12063 | D:11     | Killed a two-headed ogre
 12063 | D:11     | Reached skill level 15 in Shields
 12068 | D:11     | Noticed a cyclops
 12211 | D:10     | Reached XP level 12. HP: 56/87 MP: 14/14
 12272 | D:11     | Received a gift from Nemelex Xobeh
 12324 | D:11     | Identified the Papyrus of Sand
 12454 | D:11     | Noticed a two-headed ogre
 12457 | D:11     | Reached skill level 10 in Fighting
 12469 | D:11     | Killed a two-headed ogre
 12472 | D:11     | Identified Caah's Handbook of Plaster Cramp
 12480 | D:11     | Identified the Papyrus of Dhcmrlchtdj
 12503 | D:11     | Found a staircase to the Lair.
 12505 | D:11     | Noticed a death yak
 12505 | D:11     | Noticed a death yak
 12505 | D:11     | Noticed a death yak
 12529 | D:11     | Killed a death yak
 13070 | D:10     | Killed a death yak
 13222 | D:11     | Identified the amulet of Neennep {Spirit *Corrode +Blink
                  | MR+ Dex+8} (You found it on level 10 of the Dungeon)
 13274 | D:11     | Received a gift from Nemelex Xobeh
 13420 | D:11     | Noticed a two-headed ogre
 13430 | D:11     | Killed a two-headed ogre
 13565 | D:11     | Noticed a five-headed hydra
 13572 | D:11     | Killed a five-headed hydra
 13838 | D:11     | Reached **** piety under Nemelex Xobeh
 13880 | D:11     | Reached XP level 13. HP: 123/125 MP: 16/16
 13976 | D:11     | Reached skill level 5 in Dodging
 14260 | Lair:1   | Entered Level 1 of the Lair of Beasts
 14635 | Lair:1   | Received a gift from Nemelex Xobeh
 15941 | Lair:2   | Reached ***** piety under Nemelex Xobeh
 15979 | Lair:2   | Received a gift from Nemelex Xobeh
 16246 | Lair:2   | Found a staircase to the Shoals.
 16709 | Lair:3   | Found a staircase to the Snake Pit.
 16857 | Lair:3   | Received a gift from Nemelex Xobeh
 17385 | Lair:3   | Reached XP level 14. HP: 131/131 MP: 19/19
 17464 | Lair:4   | Found a glowing golden altar of the Shining One.
 17579 | Lair:4   | Received a gift from Nemelex Xobeh
 17688 | Lair:4   | Received a gift from Nemelex Xobeh
 17932 | Lair:4   | Reached XP level 15. HP: 108/139 MP: 20/20
 17987 | Lair:4   | Reached skill level 10 in Dodging
 18003 | Lair:4   | Received a gift from Nemelex Xobeh
 18598 | Lair:5   | Found a gate leading to a gauntlet.
 18601 | Lair:5   | Received a gift from Nemelex Xobeh
 18607 | Gauntlet | Entered a Gauntlet
 18607 | Gauntlet | Found a transporter.
 18617 | Gauntlet | Found a transporter.
 18632 | Gauntlet | Found a transporter.
 18634 | Gauntlet | Found a large runed translucent door.
 18635 | Gauntlet | Found a large runed translucent door.
 18636 | Gauntlet | Found a large runed translucent door.
 18636 | Gauntlet | Found a large runed translucent door.
 18636 | Gauntlet | Found a runed translucent door.
 18637 | Gauntlet | Found a transporter.
 18638 | Gauntlet | Found a runed translucent door.
 18639 | Gauntlet | Found a large runed translucent door.
 18639 | Gauntlet | Found a large runed translucent door.
 18640 | Gauntlet | Found a large runed translucent door.
 18641 | Gauntlet | Found a large runed translucent door.
 18647 | Gauntlet | Found a large runed translucent door.
 18647 | Gauntlet | Found a large runed translucent door.
 18648 | Gauntlet | Found a large runed translucent door.
 18648 | Gauntlet | Found a large runed translucent door.
 18649 | Gauntlet | Found a large runed translucent door.
 18649 | Gauntlet | Found a large runed translucent door.
 18650 | Gauntlet | Found a runed translucent gate.
 18650 | Gauntlet | Found a runed translucent gate.
 18650 | Gauntlet | Found a runed translucent gate.
 18652 | Gauntlet | Found a transporter.
 18662 | Gauntlet | Found a large runed translucent door.
 18663 | Gauntlet | Found a large runed translucent door.
 18671 | Gauntlet | Found a transporter.
 18683 | Gauntlet | Found a transporter.
 18695 | Gauntlet | Found a transporter.
 18701 | Gauntlet | Found a transporter.
 18701 | Gauntlet | Found a transporter.
 18716 | Gauntlet | Found a transporter.
 18728 | Gauntlet | Found a transporter.
 18745 | Gauntlet | Found a transporter.
 18763 | Gauntlet | Found a transporter.
 18767 | Gauntlet | Found a transporter.
 18793 | Gauntlet | Found a transporter.
 18795 | Gauntlet | Found a transporter.
 18815 | Gauntlet | Found a transporter.
 19098 | Gauntlet | Got a shimmering chain mail
 19109 | Gauntlet | Identified the +5 chain mail of Zauzupt {+Blink MR+ Dex+5}
                  | (You found it in a Gauntlet)
 19315 | Gauntlet | Identified the -2 quarterstaff of Xoor {chaos, Dex+2}
 19590 | Lair:5   | Reached skill level 10 in Invocations
 19630 | Lair:5   | Received a gift from Nemelex Xobeh
 19715 | Lair:5   | Found a viscous altar of Jiyva.
 19716 | Lair:5   | Found a staircase to the Slime Pits.
 20053 | Lair:5   | Reached ****** piety under Nemelex Xobeh
 20060 | Lair:5   | Received a gift from Nemelex Xobeh
 20242 | Lair:6   | Entered Level 6 of the Lair of Beasts
 20393 | Lair:6   | Received a gift from Nemelex Xobeh
 20973 | Lair:6   | Reached skill level 15 in Unarmed Combat
 21006 | Lair:6   | Reached skill level 15 in Fighting
 21040 | Lair:6   | Reached skill level 1 in Evocations
 21097 | Lair:6   | Received a gift from Nemelex Xobeh
 21779 | Lair:6   | Reached skill level 5 in Evocations
 21809 | Lair:6   | Reached XP level 16. HP: 123/149 MP: 22/22
 21814 | Lair:6   | Reached skill level 1 in Throwing
 21842 | Lair:6   | Received a gift from Nemelex Xobeh
 22896 | D:2      | Killed Crazy Yiuf
 23244 | D:12     | Found a frozen archway.
 23251 | D:12     | Reached skill level 5 in Throwing
 23271 | IceCv    | Entered an ice cave
 23317 | IceCv    | Found a transporter.
 23349 | IceCv    | Found a transporter.
 23732 | D:12     | Reached skill level 5 in Armour
 23764 | D:12     | Noticed Azrael
 23775 | D:12     | Killed Azrael
 23993 | D:12     | Received a gift from Nemelex Xobeh
 24085 | D:12     | Found a staircase to the Orcish Mines.
 24603 | D:13     | Received a gift from Nemelex Xobeh
 24619 | D:13     | Got a pair of scorched boots
 24625 | D:13     | Identified the +1 pair of boots of Articulation {-Cast rN+
                  | Int+3} (You found it on level 13 of the Dungeon)
 25048 | D:13     | Received a gift from Nemelex Xobeh
 25209 | D:14     | Noticed Nessos
 25215 | D:14     | Killed Nessos
 25233 | D:14     | Noticed Jorgrun
 25391 | D:14     | Found a gate to the Vaults.
 25670 | D:14     | Killed Jorgrun
 25718 | D:14     | Reached XP level 17. HP: 145/156 MP: 23/23
 25853 | D:14     | Received a gift from Nemelex Xobeh
 26253 | D:14     | Received a gift from Nemelex Xobeh
 26592 | D:15     | Entered Level 15 of the Dungeon
 26727 | D:15     | Found a stormy altar of Qazlal.
 27065 | D:15     | Found a large runed translucent door.
 27066 | D:15     | Found a large runed translucent door.
 27081 | D:15     | Found a white marble altar of Elyvilon.
 27325 | D:15     | Received a gift from Nemelex Xobeh
 27326 | D:15     | Found a staircase to the Depths.
 27875 | D:15     | Found an iron altar of Okawaru.
 27895 | D:15     | Identified a scroll of acquirement
 27897 | D:15     | Found the +0 pair of fencer's gloves {Riposte Dex+3}
 28034 | Orc:1    | Entered Level 1 of the Orcish Mines
 28068 | Orc:1    | Found a dark tunnel.
 28077 | Volcano  | Entered a volcano
 28115 | Volcano  | Reached skill level 10 in Throwing
 28586 | Orc:1    | Found a bloodstained altar of Trog.
 28695 | Orc:1    | Received a gift from Nemelex Xobeh
 28792 | Orc:2    | Entered Level 2 of the Orcish Mines
 29232 | Orc:2    | Found a staircase to the Elven Halls.
 29321 | Orc:1    | Received a gift from Nemelex Xobeh
 29519 | Orc:2    | Reached XP level 18. HP: 79/163 MP: 24/24
 29579 | Orc:2    | Found Jiofienk's Magic Scroll Shoppe.
 29675 | Orc:2    | Found Ruolyog's Book Shoppe.
 29677 | Orc:2    | Found Guaqe's Armour Boutique.
 29679 | Orc:2    | Bought 2 scrolls of identify for 56 gold pieces
 29679 | Orc:2    | Bought a scroll of identify for 28 gold pieces
 29691 | Orc:2    | Bought a scroll of noise for 14 gold pieces
 29694 | Orc:2    | Found Nest's Distillery.
 29702 | Orc:2    | Bought a potion of heal wounds for 90 gold pieces
 29702 | Orc:2    | Bought a potion of curing for 54 gold pieces
 29702 | Orc:2    | Bought a potion of might for 72 gold pieces
 29702 | Orc:2    | Bought a potion of heal wounds for 90 gold pieces
 29702 | Orc:2    | Bought a potion of agility for 72 gold pieces
 29702 | Orc:2    | Bought a potion of ambrosia for 144 gold pieces
 29702 | Orc:2    | Bought a potion of flight for 54 gold pieces
 29702 | Orc:2    | Bought a potion of flight for 54 gold pieces
 30022 | Snake:1  | Entered Level 1 of the Snake Pit
 30042 | Snake:1  | Found Miasemok's Gadget Emporium.
 30042 | Snake:1  | Found Fompo's Jewellery Shop.
 30043 | Snake:1  | Found Neyto's Gadget Emporium.
 30142 | Snake:1  | Received a gift from Nemelex Xobeh
 30337 | Snake:1  | Received a gift from Nemelex Xobeh
 30942 | Snake:2  | Received a gift from Nemelex Xobeh
 31255 | Snake:2  | Received a gift from Nemelex Xobeh
 31396 | Snake:2  | Received a gift from Nemelex Xobeh
 32701 | Snake:3  | Noticed Aizul
 32709 | Snake:3  | Killed Aizul
 32753 | Snake:3  | Identified the +5 executioner's axe "Enwul" {venom, +Blink
                  | rElec rC-}
 33197 | Snake:3  | Reached skill level 15 in Throwing
 33217 | Snake:3  | Received a gift from Nemelex Xobeh
 33419 | Snake:3  | Got a crude lapis lazuli ring
 33420 | Snake:3  | Identified the ring of the Bruised Ships {*Contam rN+ EV+3
                  | Stlth+} (You found it on level 3 of the Snake Pit)
 33537 | Snake:4  | Entered Level 4 of the Snake Pit
 33558 | Snake:4  | Found a radiant altar of Vehumet.
 33725 | Snake:4  | Reached XP level 19. HP: 170/170 MP: 25/25
 33878 | Snake:4  | Received a gift from Nemelex Xobeh
 34551 | Snake:4  | Got a serpentine rune of Zot
 35665 | Snake:4  | Got a heavily runed scale mail
 35666 | Snake:4  | Identified the +6 scale mail "Tiggis Biq" {*Drain rCorr
                  | Slay+3} (You found it on level 4 of the Snake Pit)
 35758 | Lair:3   | Upgraded the game from 0.24.0-2-g5b39cebb1c to
                  | 0.24.0-3-g28a8eb0610
 35908 | Snake:1  | Bought the ring "Lehom" {rC+ MR+ AC+3 Int+4 Dex-4} for 487
                  | gold pieces
 36079 | Snake:1  | Bought a +4 amulet of reflection for 324 gold pieces
 36170 | Shoals:1 | Entered Level 1 of the Shoals
 36220 | Shoals:1 | Received a gift from Nemelex Xobeh
 36226 | Shoals:1 | Found Omox's Food Boutique.
 36639 | Shoals:1 | Received a gift from Nemelex Xobeh
 36885 | Shoals:2 | Reached XP level 20. HP: 168/178 MP: 29/29
 37072 | Shoals:2 | Reached skill level 15 in Invocations
 37144 | Shoals:2 | Received a gift from Nemelex Xobeh
 37176 | Shoals:2 | Reached skill level 1 in Stealth
 37755 | Shoals:3 | Received a gift from Nemelex Xobeh
 38192 | Shoals:3 | Noticed Mara
 38202 | Shoals:3 | Noticed Mara
 38202 | Shoals:3 | Mara changed into Mara the Brimstone Fiend
 38254 | Shoals:3 | Reached skill level 5 in Stealth
 38623 | Shoals:3 | Noticed Mara
 38623 | Shoals:3 | Mara changed into Mara the hellephant
 38624 | Shoals:3 | Killed Mara the hellephant
 38672 | Shoals:3 | Received a gift from Nemelex Xobeh
 38817 | Shoals:4 | Entered Level 4 of the Shoals
 39746 | Shoals:4 | Reached skill level 10 in Armour
 39838 | Shoals:4 | Got a barnacled rune of Zot
 40122 | Shoals:4 | Identified the cursed +0 shadow dragon scales "Evouleb"
                  | {rPois Stlth++++}
 40254 | Shoals:4 | Identified the Grimoire of Evil
 40693 | Shoals:4 | Received a gift from Nemelex Xobeh
 41186 | Slime:1  | Entered Level 1 of the Pits of Slime
 41464 | Slime:2  | Received a gift from Nemelex Xobeh
 41533 | Slime:2  | You fall into a shaft and drop 2 floors!
 42004 | Slime:4  | Reached XP level 21. HP: 179/179 MP: 31/31
 42593 | Slime:4  | Reached skill level 10 in Stealth
 43619 | Slime:3  | Received a gift from Nemelex Xobeh
 46202 | Slime:3  | Received a gift from Nemelex Xobeh
 46978 | Vaults:1 | Entered Level 1 of the Vaults
 46978 | Vaults:1 | Received a gift from Nemelex Xobeh
 47271 | Vaults:1 | Received a gift from Nemelex Xobeh
 47585 | Vaults:1 | Noticed Asterion
 47598 | Vaults:1 | Killed Asterion
 47628 | Vaults:1 | Received a gift from Nemelex Xobeh
 48532 | Elf:1    | Entered Level 1 of the Elven Halls
 48759 | Elf:1    | Received a gift from Nemelex Xobeh
 49040 | Elf:1    | Reached skill level 10 in Evocations
 49068 | Elf:1    | Identified the Catalogue of Arcane Weapons
 49138 | Elf:1    | Reached skill level 1 in Earth Magic
 49248 | Elf:1    | Received a gift from Nemelex Xobeh
 49341 | Elf:1    | Reached skill level 1 in Spellcasting
 49341 | Elf:1    | Reached skill level 1 in Transmutations
 49494 | Elf:2    | Received a gift from Nemelex Xobeh
 49533 | Elf:2    | Noticed Cuucabuana's ghost (veteran MiGl)
 49534 | Elf:2    | Found a runed translucent gate.
 49535 | Elf:2    | Found a runed translucent gate.
 49535 | Elf:2    | Found a runed translucent gate.
 49978 | Elf:2    | Got a bloodstained arbalest
 49979 | Elf:2    | Identified the cursed +3 arbalest "Puplas" {flame, rF+}
                  | (You found it on level 2 of the Elven Halls)
 50018 | Elf:2    | Noticed Roxanne
 50038 | Elf:2    | Killed Roxanne
 50096 | Elf:2    | Found a huge runed translucent gate.
 50096 | Elf:2    | Found a huge runed translucent gate.
 50096 | Elf:2    | Found a huge runed translucent gate.
 50096 | Elf:2    | Found a huge runed translucent gate.
 50096 | Elf:2    | Found a huge runed translucent gate.
 50132 | Elf:2    | Got a smoking bardiche
 50133 | Elf:2    | Identified the +11 bardiche of Locyth {elec, Int+4 Dex+4}
                  | (You found it on level 2 of the Elven Halls)
 50142 | Elf:2    | Got a fine scimitar
 50143 | Elf:2    | Identified the +6 scimitar of Quantum Leap {holy, rPois}
                  | (You found it on level 2 of the Elven Halls)
 50172 | Elf:2    | Identified the +2 trident of Conservatism {freeze, rElec
                  | rN+++ MR++ Int-5}
 50533 | Elf:2    | Killed Cuucabuana's ghost
 50533 | Elf:2    | Reached XP level 22. HP: 191/191 MP: 32/32
 50615 | Elf:2    | Got a faintly glowing tin amulet
 50617 | Elf:2    | Identified the amulet of Sin {Reflect *Slow +Fly MR+ Str+5
                  | SH+5} (You found it on level 2 of the Elven Halls)
 50691 | Elf:2    | Received a gift from Nemelex Xobeh
 51148 | Elf:3    | Entered Level 3 of the Elven Halls
 51148 | Elf:3    | Found the +3 crown of Dyrovepreva {rElec Int+2 SInv}
 51277 | Elf:3    | Found Qyweopne's Gadget Boutique.
 51605 | Elf:3    | Found a runed translucent gate.
 51605 | Elf:3    | Found a runed translucent gate.
 51605 | Elf:3    | Found a runed translucent gate.
 51666 | Elf:3    | Received a gift from Nemelex Xobeh
 51914 | Elf:3    | Found a runed translucent gate.
 51914 | Elf:3    | Found a runed translucent gate.
 51917 | Elf:3    | Found a runed translucent gate.
 51917 | Elf:3    | Noticed flt's ghost (adept DrVM)
 51928 | Elf:3    | Reached XP level 23. HP: 158/199 MP: 33/33
 51929 | Elf:3    | Reached skill level 15 in Dodging
 51929 | Elf:3    | Reached XP level 24. HP: 164/206 MP: 33/33
 51987 | Elf:3    | Killed flt's ghost
 52232 | Elf:3    | Got a pair of heavily runed gloves
 52382 | Elf:3    | Identified the +2 pair of gloves of Resourcefulness {rN+}
                  | (You found it on level 3 of the Elven Halls)
 52828 | Elf:3    | Identified the ring of Yroeff {rC+ Str+2 SInv}
 52847 | Elf:3    | Learned a level 2 spell: Swiftness
 52954 | Elf:3    | Reached skill level 1 in Charms
 52955 | Elf:3    | Reached skill level 1 in Air Magic
 53105 | Elf:3    | Reached XP level 25. HP: 92/213 MP: 33/33
 53572 | Elf:3    | Found the +2 ratskin cloak {+Rats rPois rN+ Str-1 Int-1
                  | Dex+1}
 53760 | Elf:3    | Identified the Disquisition on Earthen Air
 53997 | Elf:3    | Received a gift from Nemelex Xobeh
 54483 | Vaults:1 | Upgraded the game from 0.24.0-3-g28a8eb0610 to
                  | 0.24.0-7-gb3623d2c88
 54634 | Vaults:2 | Received a gift from Nemelex Xobeh
 55055 | Vaults:2 | Received a gift from Nemelex Xobeh
 55287 | Vaults:2 | Found Ocoelik's Jewellery Boutique.
 55492 | Vaults:2 | Reached skill level 15 in Armour
 56139 | Vaults:3 | Received a gift from Nemelex Xobeh
 56359 | Vaults:3 | Found a staircase to the Crypt.
 56541 | Vaults:3 | Received a gift from Nemelex Xobeh
 56676 | Vaults:3 | Received a gift from Nemelex Xobeh
 57331 | Vaults:4 | Found Gozag's Antique Weapon Shoppe.
 57367 | Vaults:4 | Found an opulent altar of Gozag.
 57371 | Vaults:4 | Found Gozag's Antique Armour Shoppe.
 57407 | Vaults:4 | Found Gozag's Antique Armour Emporium.
 57531 | Vaults:4 | Bought the +2 shield of Resistance {rF+ rC+ MR+} for 4110
                  | gold pieces
 57531 | Vaults:4 | Found the +2 shield of Resistance {rF+ rC+ MR+}
 57614 | Vaults:4 | Found Ciorif's Assorted Antiques.
 57863 | Vaults:4 | Received a gift from Nemelex Xobeh
 58109 | Vaults:4 | Reached XP level 26. HP: 172/224 MP: 33/33
 58223 | Vaults:4 | Received a gift from Nemelex Xobeh
 58824 | Crypt:1  | Entered Level 1 of the Crypt
 58973 | Crypt:1  | Got a polished leather armour
 58974 | Crypt:1  | Identified the cursed +0 leather armour "Kisi" {rCorr
                  | Str+3} (You found it on level 1 of the Crypt)
 59221 | Crypt:1  | Received a gift from Nemelex Xobeh
 59624 | Crypt:1  | Noticed a greater mummy
 59632 | Crypt:1  | Killed a greater mummy
 60132 | Crypt:1  | Upgraded the game from 0.24.0-7-gb3623d2c88 to
                  | 0.24.0-10-g970556be89
 60221 | Crypt:2  | Received a gift from Nemelex Xobeh
 61048 | Crypt:2  | Received a gift from Nemelex Xobeh
 61225 | Crypt:3  | Entered Level 3 of the Crypt
 61576 | Crypt:3  | Received a gift from Nemelex Xobeh
 61802 | Crypt:3  | Found a basalt altar of Yredelemnul.
 62258 | Crypt:3  | Got a pair of distressingly furry gloves
 62259 | Crypt:3  | Identified the +1 pair of gloves of Kikubaaqudgha's Wrath
                  | {MR+} (You found it on level 3 of the Crypt)
 62276 | Crypt:3  | Got a slimy chain mail
 62277 | Crypt:3  | Identified the +8 chain mail "Umalaj" {rElec Int+6} (You
                  | found it on level 3 of the Crypt)
 62282 | Crypt:3  | Identified the Incunabulum of Dark Secrets
 62290 | Crypt:3  | Learned a level 3 spell: Regeneration
 62352 | Crypt:3  | Reached skill level 1 in Necromancy
 62676 | Crypt:3  | Reached XP level 27. HP: 177/235 MP: 31/34
 62822 | Crypt:3  | Reached skill level 5 in Necromancy
 63487 | Crypt:3  | Found a staircase to the Tomb.
 64328 | Slime:5  | Entered Level 5 of the Pits of Slime
 64744 | Slime:5  | Noticed the Royal Jelly
 64837 | Slime:5  | Received a gift from Nemelex Xobeh
 64864 | Slime:5  | Killed the Royal Jelly
 64864 | Slime:5  | Reached skill level 5 in Spellcasting
 64864 | Slime:5  | Reached skill level 5 in Charms
 65015 | Slime:5  | Got a slimy rune of Zot
 65043 | Slime:5  | Got a sparkling golden ring
 65044 | Slime:5  | Identified the ring "Nichec" {rPois Dex+6} (You found it on
                  | level 5 of the Pits of Slime)
 65081 | Slime:5  | Got a wavering glass ring
 65082 | Slime:5  | Identified the ring "Akkyco" {rF+ rCorr Dex+4} (You found
                  | it on level 5 of the Pits of Slime)
 65112 | Slime:5  | Got a pitted falchion
 65113 | Slime:5  | Identified the +10 falchion of the Grave {distort, rN+
                  | Str+4} (You found it on level 5 of the Pits of Slime)
 65116 | Slime:5  | Got a brightly glowing turquoise ring
 65117 | Slime:5  | Identified the ring "Arobeoseg" {rC+ Str+4 Dex+2 Stlth-}
                  | (You found it on level 5 of the Pits of Slime)
 65133 | Slime:5  | Got a twitching bone ring
 65134 | Slime:5  | Identified the ring "Boeforen" {*Contam MP+9 Dex+5 Stlth+}
                  | (You found it on level 5 of the Pits of Slime)
 65832 | Vaults:5 | Entered Level 5 of the Vaults
 65832 | Vaults:5 | Noticed an ancient lich
 65842 | Vaults:5 | Killed an ancient lich
 65952 | Vaults:5 | Identified the Collected Works on the Arsonist
 65991 | Vaults:5 | Identified the cursed ring "Zymogis" {rPois rF+++ AC-2
                  | Str-5 Dex-2}
 66284 | Vaults:5 | Received a gift from Nemelex Xobeh
 66713 | Vaults:5 | Identified the ring "Irenez" {*Slow rN++ MR+ Str+3 SInv}
 66790 | Vaults:5 | Identified the +8 mace of Raoty {vamp, MR+}
 66937 | Vaults:5 | Noticed an ancient lich
 66947 | Vaults:5 | Identified the +6 flail of the Distant Future {freeze,
                  | Str+4}
 66962 | Vaults:5 | Killed an ancient lich
 67164 | Vaults:5 | Identified a +0 pair of boots of running (You found it on
                  | level 5 of the Vaults)
 68007 | Vaults:5 | Received a gift from Nemelex Xobeh
 68073 | Vaults:5 | Got an encrusted war axe
 68074 | Vaults:5 | Identified the +5 war axe of Yckugiaj {chop, rElec} (You
                  | found it on level 5 of the Vaults)
 68086 | Vaults:5 | Got a silver rune of Zot
 68858 | Depths:1 | Entered Level 1 of the Depths
 69063 | Depths:1 | Received a gift from Nemelex Xobeh
 69238 | Depths:1 | Received a gift from Nemelex Xobeh
 69261 | Depths:1 | Found a gateway to Hell.
 69736 | Depths:2 | Received a gift from Nemelex Xobeh
 69978 | Depths:2 | Found a gateway to a ziggurat.
 70563 | Depths:2 | Got a smoking hunting sling
 70564 | Depths:2 | Identified the +6 hunting sling "Quhuas" {freeze, MP+9}
                  | (You found it on level 2 of the Depths)
 70826 | Depths:2 | Received a gift from Nemelex Xobeh
 70830 | Depths:2 | Found a one-way gate to the infinite horrors of the Abyss.
 71156 | Depths:3 | Received a gift from Nemelex Xobeh
 71220 | Depths:3 | Got a polished chain mail
 71221 | Depths:3 | Identified the +4 chain mail "Saboutos" {rN+ Regen+ Str-3
                  | SInv} (You found it on level 3 of the Depths)
 71346 | Depths:3 | Found a one-way gate leading to the halls of Pandemonium.
 71556 | Depths:3 | Received a gift from Nemelex Xobeh
 71853 | Depths:3 | Found the +8 Wrath of Trog {antimagic, *Rage}
 72676 | Depths:3 | Found a glowing golden altar of the Shining One.
 73030 | Depths:4 | Received a gift from Nemelex Xobeh
 73295 | Depths:4 | Received a gift from Nemelex Xobeh
 73463 | Depths:4 | Found Sein's Magic Scroll Shoppe.
 73473 | Depths:4 | Bought a scroll of teleportation for 60 gold pieces
 73473 | Depths:4 | Bought a scroll of teleportation for 60 gold pieces
 73473 | Depths:4 | Bought a scroll of identify for 40 gold pieces
 73473 | Depths:4 | Bought a scroll of magic mapping for 70 gold pieces
 73473 | Depths:4 | Bought a scroll of fear for 70 gold pieces
 73739 | Depths:4 | Paralysed by a floating eye for 3 turns
 74131 | Depths:4 | Identified the +0 ring mail "Fusyepn" {Str+4}
 74269 | Depths:5 | Entered Level 5 of the Depths
 74414 | Depths:5 | Noticed a juggernaut
 74434 | Depths:5 | Killed a juggernaut
 74650 | Depths:5 | Received a gift from Nemelex Xobeh
 74744 | Depths:5 | Noticed Sojobo
 74745 | Depths:5 | Killed Sojobo
 77275 | Depths:5 | Found a gate to the Realm of Zot.
 77547 | Hell     | Entered the Vestibule of Hell
 77547 | Hell     | Noticed Geryon
 77564 | Hell     | Killed Geryon
 78322 | Hell     | Found a gateway to the Iron City of Dis.
 78359 | Hell     | Found a gateway to the ashen valley of Gehenna.
 78570 | Hell     | Found a gateway to the decaying netherworld of Tartarus.
 78668 | Hell     | Found a gateway to the freezing wastes of Cocytus.
 78770 | Coc:1    | Entered Level 1 of Cocytus
 78809 | Coc:1    | Reached skill level 15 in Stealth
 79294 | Hell     | Noticed a juggernaut
 79294 | Hell     | a shard shrike changed into a juggernaut
 79643 | Hell     | Killed a juggernaut
 80142 | Coc:3    | Received a gift from Nemelex Xobeh
 81680 | Depths:4 | Voluntarily entered the Abyss.
 81696 | Abyss:1  | Received a gift from Nemelex Xobeh
 81900 | Abyss:1  | Received a gift from Nemelex Xobeh
 82106 | Abyss:1  | Received a gift from Nemelex Xobeh
 82169 | Abyss:2  | Found a corrupted altar of Lugonu.
 82314 | Abyss:2  | Received a gift from Nemelex Xobeh
 82435 | Abyss:2  | Received a gift from Nemelex Xobeh
 82492 | Abyss:3  | Found a bloodstained altar of Trog.
 82570 | Abyss:3  | Received a gift from Nemelex Xobeh
 82643 | Abyss:3  | Paralysed by accursed screaming for 1 turns
 82673 | Abyss:3  | Paralysed by accursed screaming for 1 turns
 82896 | Abyss:3  | Noticed an ancient lich
 82915 | Abyss:3  | Killed an ancient lich
 82966 | Abyss:3  | Received a gift from Nemelex Xobeh
 83412 | Abyss:3  | Received a gift from Nemelex Xobeh
 83969 | Abyss:3  | Identified the +2 trident of the Median {elec, rF++}
 84009 | Abyss:3  | Paralysed by you for 7 turns
 84116 | Abyss:3  | Received a gift from Nemelex Xobeh
 84273 | Abyss:3  | Found a glowing golden altar of the Shining One.
 84285 | Abyss:3  | Noticed a juggernaut
 84306 | Abyss:3  | Killed a juggernaut
 84376 | Abyss:3  | Got an abyssal rune of Zot
 84528 | Abyss:3  | Received a gift from Nemelex Xobeh
 84597 | Depths:4 | Escaped the Abyss
 85485 | Coc:6    | Identified the +2 trident of Gozag's Approval {venom, MR+
                  | Int+4 Dex+3}
 85652 | Coc:7    | Entered Level 7 of Cocytus
 85705 | Hell     | Upgraded the game from 0.24.0-10-g970556be89 to
                  | 0.24.0-13-gcf9b3192b9
 86282 | Coc:7    | Received a gift from Nemelex Xobeh
 86588 | Coc:7    | Noticed Antaeus
 86629 | Coc:7    | Killed Antaeus
 86655 | Coc:7    | Got an icy rune of Zot
 86658 | Coc:7    | Identified the Compendium of Bewitchment and Translocation
 86686 | Coc:7    | Got a crystal long sword
 86687 | Coc:7    | Identified the +0 long sword of Destiny {venom, rPois} (You
                  | found it on level 7 of Cocytus)
 87032 | Coc:7    | Received a gift from Nemelex Xobeh
 87291 | Dis:1    | Entered Level 1 of the Iron City of Dis
 88183 | Dis:2    | Received a gift from Nemelex Xobeh
 88310 | Dis:2    | Received a gift from Nemelex Xobeh
 88708 | Dis:5    | Received a gift from Nemelex Xobeh
 88888 | Dis:5    | Received a gift from Nemelex Xobeh
 89175 | Dis:7    | Entered Level 7 of the Iron City of Dis
 89718 | Dis:3    | Received a gift from Nemelex Xobeh
 90800 | Dis:7    | Received a gift from Nemelex Xobeh
 91746 | Geh:1    | Entered Level 1 of Gehenna
 91878 | Geh:1    | Reached skill level 10 in Spellcasting
 92256 | Geh:2    | Received a gift from Nemelex Xobeh
 92731 | Geh:5    | Reached skill level 10 in Necromancy
 92964 | Hell     | Learned a level 1 spell: Confusing Touch
 93096 | Dis:4    | Reached skill level 1 in Hexes
 93626 | Dis:7    | Received a gift from Nemelex Xobeh
 93819 | Dis:7    | Found the +7 Spriggan's Knife {stab, EV+4 Stlth+}
 93832 | Dis:7    | Got a bloodstained shortbow
 93833 | Dis:7    | Identified the +4 shortbow of Absolution {velocity, Dex+3}
                  | (You found it on level 7 of the Iron City of Dis)
 93910 | Dis:7    | Identified the +4 staff of Dispater
 93910 | Dis:7    | Noticed Dispater
 93950 | Dis:7    | Killed Dispater
 93954 | Dis:7    | Reached skill level 10 in Charms
 94002 | Dis:7    | Got an iron rune of Zot
 94018 | Dis:7    | Got a scorched plate armour
 94019 | Dis:7    | Identified the +7 plate armour of Patience {MR+ Str+3} (You
                  | found it on level 7 of the Iron City of Dis)
 94046 | Dis:7    | Reached skill level 5 in Hexes
 94191 | Tar:1    | Entered Level 1 of Tartarus
 94450 | Tar:1    | Received a gift from Nemelex Xobeh
 94781 | Tar:1    | Received a gift from Nemelex Xobeh
 94995 | Tar:1    | Reached skill level 5 in Earth Magic
 95012 | Tar:1    | Identified the +1 trident of Turmoil {pierce, +Rage}
 95018 | Tar:1    | Reached skill level 5 in Transmutations
 95281 | Hell     | Learned a level 4 spell: Animate Dead
 95384 | Zot:1    | Entered Level 1 of the Realm of Zot
 95420 | Zot:1    | Reached skill level 5 in Air Magic
 95431 | Zot:1    | Identified the -1 trident "Lij Juimm" {pierce, -Tele rF+
                  | SInv}
 95765 | Zot:1    | Received a gift from Nemelex Xobeh
 96675 | Zot:2    | Received a gift from Nemelex Xobeh
 96877 | Zot:2    | Received a gift from Nemelex Xobeh
 97465 | Zot:2    | Found a glowing silver altar of Zin.
 97465 | Zot:2    | Received a gift from Nemelex Xobeh
 97468 | Zot:2    | Identified the Volume of Fire and Brimstone
 97492 | Zot:2    | Identified the Handbook of the Zealot
 98377 | Zot:3    | Received a gift from Nemelex Xobeh
 98776 | Zot:3    | Received a gift from Nemelex Xobeh
 99258 | Zot:3    | Learned a level 1 spell: Summon Butterflies
 99511 | Zot:4    | Reached skill level 1 in Summonings
 99901 | Zot:4    | Reached skill level 5 in Summonings
101950 | Geh:1    | Reached skill level 1 in Slings
101951 | Geh:1    | Received a gift from Nemelex Xobeh
102634 | Geh:2    | Reached skill level 5 in Slings
102668 | Geh:2    | Received a gift from Nemelex Xobeh
103922 | Geh:4    | Received a gift from Nemelex Xobeh
105011 | Geh:5    | Received a gift from Nemelex Xobeh
106176 | Geh:6    | Received a gift from Nemelex Xobeh
106528 | Geh:7    | Entered Level 7 of Gehenna
107346 | Geh:7    | Noticed the Serpent of Hell
107358 | Geh:7    | Noticed a hellephant shaped Serpent of Hell
107358 | Geh:7    | the Serpent of Hell changed into a hellephant shaped
                  | Serpent of Hell
107370 | Geh:7    | Killed a hellephant shaped Serpent of Hell
108126 | Geh:7    | Identified the +7 sceptre of Asmodeus
108126 | Geh:7    | Noticed Asmodeus
108176 | Geh:7    | Killed Asmodeus
108232 | Geh:7    | Got an obsidian rune of Zot
108600 | Geh:7    | Received a gift from Nemelex Xobeh
108795 | Hell     | Learned a level 3 spell: Portal Projectile
108942 | Tar:1    | Reached skill level 1 in Translocations
109319 | Tar:3    | Received a gift from Nemelex Xobeh
109341 | Tar:3    | Reached skill level 5 in Translocations
110370 | Tar:3    | Received a gift from Nemelex Xobeh
110669 | Tar:5    | Received a gift from Nemelex Xobeh
110729 | Hell     | Reached skill level 10 in Translocations
110767 | Hell     | Learned a level 2 spell: Blink
110905 | Tar:1    | Reached skill level 10 in Hexes
111936 | Tomb:1   | Entered Level 1 of the Tomb of the Ancients
111949 | Tomb:1   | Received a gift from Nemelex Xobeh
112507 | Tomb:1   | Noticed a greater mummy
112521 | Tomb:1   | Killed a greater mummy
112533 | Tomb:1   | Noticed a greater mummy
112543 | Tomb:1   | Killed a greater mummy
112648 | Tomb:1   | Received a gift from Nemelex Xobeh
113935 | Tar:3    | Received a gift from Nemelex Xobeh
114742 | Tar:4    | Received a gift from Nemelex Xobeh
115098 | Tar:5    | Received a gift from Nemelex Xobeh
115248 | Tar:7    | Entered Level 7 of Tartarus
115310 | Hell     | Learned a level 5 spell: Aura of Abjuration
116261 | Tar:4    | Reached skill level 10 in Summonings
116332 | Tar:4    | Received a gift from Nemelex Xobeh
117484 | Tar:5    | Received a gift from Nemelex Xobeh
117726 | Tar:6    | Received a gift from Nemelex Xobeh
119299 | Tar:7    | Got a transparent scimitar
119300 | Tar:7    | Identified the +9 scimitar of Ambiguity {slice, MR++ SInv}
                  | (You found it on level 7 of Tartarus)
119302 | Tar:7    | Got an ancient battleaxe
119303 | Tar:7    | Identified the +2 battleaxe "Raath" {venom, rElec Str+4}
                  | (You found it on level 7 of Tartarus)
119449 | Tar:7    | Reached skill level 15 in Summonings
119466 | Tar:7    | Learned a level 3 spell: Confuse
119498 | Tar:7    | Got an ichor-stained scale mail
119499 | Tar:7    | Identified the +5 scale mail of Polytheism {rElec rF+ rC-
                  | Dex+4} (You found it on level 7 of Tartarus)
119511 | Tar:7    | Got a transparent emerald amulet
119512 | Tar:7    | Identified the amulet "Ravyane" {Inacc MR+} (You found it
                  | on level 7 of Tartarus)
119755 | Tar:7    | Noticed an ancient lich
119755 | Tar:7    | Noticed an ancient lich
119778 | Tar:7    | Killed an ancient lich
119786 | Tar:7    | Killed an ancient lich
119860 | Tar:7    | Got a pitted mace
119861 | Tar:7    | Identified the +5 mace of Reom {flame, rPois rC+ Str+3}
                  | (You found it on level 7 of Tartarus)
120462 | Tar:7    | Noticed Ereshkigal
120485 | Tar:7    | Killed Ereshkigal
120577 | Tar:7    | Got a bone rune of Zot
120769 | Tar:7    | Received a gift from Nemelex Xobeh
120800 | Tar:7    | Reached skill level 15 in Evocations
120830 | Tar:7    | Got a steaming short sword
120831 | Tar:7    | Identified the cursed +3 short sword "Finad" {drain, *Noise
                  | +Fly rF+} (You found it on level 7 of Tartarus)
121122 | Hell     | Learned a level 5 spell: Summon Mana Viper
121122 | Hell     | Upgraded the game from 0.24.0-13-gcf9b3192b9 to
                  | 0.24.0-28-g17ded55e90
121512 | Pan      | Entered Pandemonium
121594 | Pan      | Learned a level 5 spell: Silence
121702 | Pan      | Noticed Rytag the pandemonium lord
121716 | Pan      | Killed Rytag the pandemonium lord
121888 | Pan      | Received a gift from Nemelex Xobeh
122008 | Pan      | Found an exit through the horrors of the Abyss.
122866 | Pan      | Received a gift from Nemelex Xobeh
123048 | Pan      | Received a gift from Nemelex Xobeh
123064 | Pan      | Noticed Izoptei the pandemonium lord
123078 | Pan      | Killed Izoptei the pandemonium lord
123078 | Pan      | Reached skill level 10 in Air Magic
123453 | Pan      | Received a gift from Nemelex Xobeh
123924 | Pan      | Noticed Hexabirgh the pandemonium lord
123978 | Pan      | Killed Hexabirgh the pandemonium lord
124193 | Pan      | Received a gift from Nemelex Xobeh
124377 | Pan      | Identified the +3 scythe "Agrilur" {flame, +Inv rElec
                  | Int+3}
124887 | Pan      | Received a gift from Nemelex Xobeh
125150 | Pan      | Noticed Gicwyl the pandemonium lord
125157 | Pan      | Killed Gicwyl the pandemonium lord
125365 | Pan      | Noticed Yriq the pandemonium lord
125399 | Pan      | Killed Yriq the pandemonium lord
125408 | Pan      | Got a demonic rune of Zot
125495 | Pan      | Got a bloodstained flail
125496 | Pan      | Identified the +8 flail "Ahosch" {flame, Int+5} (You found
                  | it in Pandemonium)
125503 | Pan      | Got a dazzling cloak
125504 | Pan      | Identified the +0 cloak "Sergheow" {*Drain +Fly rN+ Int+4}
                  | (You found it in Pandemonium)
125527 | Pan      | Found an exit through the horrors of the Abyss.
125666 | Pan      | Received a gift from Nemelex Xobeh
125951 | Pan      | Received a gift from Nemelex Xobeh
126420 | Pan      | Noticed Gaet the pandemonium lord
126437 | Pan      | Killed Gaet the pandemonium lord
126572 | Pan      | Received a gift from Nemelex Xobeh
127046 | Pan      | Received a gift from Nemelex Xobeh
127544 | Pan      | Found a white marble altar of Elyvilon.
128264 | Pan      | Found a glowing silver altar of Zin.
128532 | Pan      | Identified the +3 large shield of Responsibility {MR+ rCorr
                  | Dex+3 Stlth-}
128659 | Pan      | Received a gift from Nemelex Xobeh
129117 | Pan      | Noticed a seraph
129136 | Pan      | Killed a seraph
129200 | Pan      | Found a glowing golden altar of the Shining One.
129256 | Pan      | Learned a level 3 spell: Lesser Beckoning
129261 | Pan      | Got a twisted long sword
129262 | Pan      | Identified the cursed +0 long sword of the Gloaming {slice,
                  | Str+4} (You found it in Pandemonium)
129285 | Pan      | Got a translucent shield
129286 | Pan      | Identified the cursed +0 shield "Kuugeu" {+Fly rC- Regen+
                  | Dex+7} (You found it in Pandemonium)
130553 | Pan      | Noticed Xenkuw the pandemonium lord
130610 | Pan      | Killed Xenkuw the pandemonium lord
130681 | Pan      | Received a gift from Nemelex Xobeh
131790 | Pan      | Noticed Kadeosm the pandemonium lord
131814 | Pan      | Killed Kadeosm the pandemonium lord
131883 | Pan      | Got a brightly glowing mace
131884 | Pan      | Identified the +5 mace of Netohex {crush, +Inv} (You found
                  | it in Pandemonium)
131935 | Pan      | Received a gift from Nemelex Xobeh
132174 | Pan      | Received a gift from Nemelex Xobeh
132325 | Pan      | Received a gift from Nemelex Xobeh
132387 | Pan      | Learned a level 6 spell: Darkness
132603 | Pan      | Noticed Zaqanajo the pandemonium lord
132633 | Pan      | Killed Zaqanajo the pandemonium lord
132965 | Pan      | Noticed Mennas
133007 | Pan      | Killed Mennas
133196 | Pan      | Received a gift from Nemelex Xobeh
133305 | Pan      | Found an exit through the horrors of the Abyss.
133465 | Pan      | Noticed Kiesucluuh the pandemonium lord
133492 | Pan      | Killed Kiesucluuh the pandemonium lord
133856 | Pan      | Reached skill level 15 in Spellcasting
133864 | Pan      | Received a gift from Nemelex Xobeh
134205 | Pan      | Entered the realm of Gloorx Vloq.
134218 | Pan      | Received a gift from Nemelex Xobeh
134269 | Pan      | Found an exit through the horrors of the Abyss.
134615 | Pan      | Noticed Gloorx Vloq
134630 | Pan      | Killed Gloorx Vloq
134682 | Pan      | Got a dark rune of Zot
134840 | Pan      | Reached skill level 15 in Hexes
134934 | Pan      | Received a gift from Nemelex Xobeh
135203 | Pan      | Noticed Fayrieng the pandemonium lord
135204 | Pan      | Killed Fayrieng the pandemonium lord
135343 | Pan      | Received a gift from Nemelex Xobeh
136191 | Pan      | Received a gift from Nemelex Xobeh
136261 | Pan      | Learned a level 1 spell: Apportation
136448 | Pan      | Noticed Atailach the pandemonium lord
136461 | Pan      | Killed Atailach the pandemonium lord
136509 | Pan      | Received a gift from Nemelex Xobeh
136596 | Pan      | Found an exit through the horrors of the Abyss.
136782 | Pan      | Entered the realm of Cerebov.
137036 | Pan      | Received a gift from Nemelex Xobeh
137279 | Pan      | Identified the +5 falchion "Sagiutoa" {elec, rPois rF- MR+
                  | Dex+8}
137280 | Pan      | Identified the +6 sword of Cerebov {flame}
137280 | Pan      | Noticed Cerebov
137463 | Pan      | Killed Cerebov
137494 | Pan      | Got a bloodstained falchion
137495 | Pan      | Identified the +9 falchion of the Unseen Realm {flame,
                  | rElec rPois Str+8 Dex-4} (You found it in Pandemonium)
137502 | Pan      | Identified the Incunabulum of Boosting Poison
137567 | Pan      | Identified Zohated's Compendium of Weightlessness and
                  | Flames
137584 | Pan      | Got a distressingly furry chain mail
137585 | Pan      | Identified the +3 chain mail of Dice, Bag, and Bottle
                  | {SInv} (You found it in Pandemonium)
137591 | Pan      | Identified the Disquisition on Congealing Enchantment
137594 | Pan      | Got a sparkling iron ring
137595 | Pan      | Identified the ring "Cett" {rPois rC- rN++ Dex+2 Stlth+}
                  | (You found it in Pandemonium)
137619 | Pan      | Got a heavily runed helmet
137620 | Pan      | Identified the +2 helmet of Makhleb's Anger {*Drain +Fly
                  | rElec} (You found it in Pandemonium)
137643 | Pan      | Got a fiery rune of Zot
138049 | Pan      | Entered the realm of Mnoleg.
138197 | Pan      | Received a gift from Nemelex Xobeh
138206 | Pan      | Noticed Mnoleg
138216 | Pan      | Killed Mnoleg
138289 | Pan      | Got a glowing rune of Zot
138436 | Pan      | Found an exit through the horrors of the Abyss.
138517 | Pan      | Found a transporter.
138520 | Pan      | Identified the ring of Samoc {rElec rF- MR- EV+3 Dex+8}
138677 | Pan      | Received a gift from Nemelex Xobeh
138747 | Pan      | Found a transporter.
139122 | Pan      | Got a faintly glowing helmet
139123 | Pan      | Identified the +1 helmet "Feifef" {-Tele rF++ MP+9} (You
                  | found it in Pandemonium)
139264 | Pan      | Entered the realm of Lom Lobon.
139703 | Pan      | Noticed Lom Lobon
139742 | Pan      | Killed Lom Lobon
139753 | Pan      | Received a gift from Nemelex Xobeh
139757 | Pan      | Got a magical rune of Zot
140462 | Pan      | Noticed Woir the pandemonium lord
140479 | Pan      | Killed Woir the pandemonium lord
140763 | Pan      | Found an exit through the horrors of the Abyss.
140780 | Pan      | Received a gift from Nemelex Xobeh
141087 | Pan      | Got a shimmering shortbow
141088 | Pan      | Identified the +6 shortbow of Raroneul {venom, *Slow Str+2
                  | Dex+4 SInv} (You found it in Pandemonium)
141095 | Pan      | Learned a level 4 spell: Passage of Golubria
141178 | Pan      | Took an exit into the Abyss.
141178 | Abyss:1  | Escaped into the Abyss
141203 | Depths:3 | Escaped the Abyss
141224 | Pan      | Entered Pandemonium
141224 | Pan      | Received a gift from Nemelex Xobeh
141307 | Pan      | Noticed Zeli the pandemonium lord
141333 | Pan      | Killed Zeli the pandemonium lord
141371 | Pan      | Got a translucent pewter ring
141372 | Pan      | Identified the ring "Mawedgh" {Fire -Tele Int+5 Dex+2} (You
                  | acquired it in Pandemonium)
141511 | Pan      | Found an exit through the horrors of the Abyss.
141740 | Pan      | Received a gift from Nemelex Xobeh
142172 | Pan      | Received a gift from Nemelex Xobeh
142208 | Pan      | Found an exit through the horrors of the Abyss.
142230 | Pan      | Noticed Vavodum the pandemonium lord
142263 | Pan      | Killed Vavodum the pandemonium lord
142302 | Pan      | Got a crystal spear
142303 | Pan      | Identified the cursed +3 spear of Indomitability {pierce,
                  | Str-4 Dex+5} (You found it in Pandemonium)
142728 | Pan      | Noticed Weneekh the pandemonium lord
142742 | Pan      | Received a gift from Nemelex Xobeh
142755 | Pan      | Killed Weneekh the pandemonium lord
142905 | Pan      | Found an exit through the horrors of the Abyss.
142997 | Pan      | Received a gift from Nemelex Xobeh
143165 | Pan      | Learned a level 2 spell: Song of Slaying
143501 | Pan      | Received a gift from Nemelex Xobeh
143652 | Pan      | Noticed Kyid the pandemonium lord
143671 | Pan      | Killed Kyid the pandemonium lord
143973 | Pan      | Found an exit through the horrors of the Abyss.
144256 | Pan      | Received a gift from Nemelex Xobeh
144742 | Pan      | Noticed Nawaon the pandemonium lord
144756 | Pan      | Killed Nawaon the pandemonium lord
145415 | Depths:3 | Escaped Pandemonium
145646 | Vaults:4 | Bought 3 potions of heal wounds for 720 gold pieces
145646 | Vaults:4 | Bought a scroll of identify for 96 gold pieces
145646 | Vaults:4 | Bought a scroll of identify for 96 gold pieces
145646 | Vaults:4 | Bought a scroll of teleportation for 144 gold pieces
145646 | Vaults:4 | Bought a scroll of immolation for 168 gold pieces
145646 | Vaults:4 | Bought a faintly glowing ring mail for 432 gold pieces
145647 | Vaults:4 | Identified the +1 ring mail of Optimism {MP+9 Int+5} (You
                  | bought it in a shop on level 4 of the Vaults)
145879 | Tomb:2   | Noticed a greater mummy
145891 | Tomb:2   | Noticed a greater mummy
145893 | Tomb:2   | Killed a greater mummy
145897 | Tomb:2   | Noticed a greater mummy
145897 | Tomb:2   | Noticed a greater mummy
145901 | Tomb:2   | Killed a greater mummy
145911 | Tomb:2   | Killed a greater mummy
145913 | Tomb:2   | Killed a greater mummy
145919 | Tomb:2   | Received a gift from Nemelex Xobeh
146285 | Tomb:1   | Noticed a greater mummy
146293 | Tomb:1   | Killed a greater mummy
146345 | Tomb:1   | Noticed a greater mummy
146356 | Tomb:1   | Killed a greater mummy
146389 | Tomb:1   | Noticed a greater mummy
146405 | Tomb:1   | Killed a greater mummy
146410 | Tomb:1   | Noticed a greater mummy
146411 | Tomb:1   | Noticed a greater mummy
146412 | Tomb:1   | Noticed a greater mummy
146421 | Tomb:1   | Killed a greater mummy
146430 | Tomb:1   | Killed a greater mummy
146433 | Tomb:1   | Killed a greater mummy
146436 | Tomb:1   | Noticed a greater mummy
146442 | Tomb:1   | Noticed a greater mummy
146443 | Tomb:1   | Killed a greater mummy
146462 | Tomb:1   | Killed a greater mummy
146494 | Tomb:1   | Noticed a greater mummy
146509 | Tomb:1   | Killed a greater mummy
146580 | Tomb:1   | Noticed a greater mummy
146592 | Tomb:1   | Killed a greater mummy
146638 | Tomb:1   | Noticed a greater mummy
146649 | Tomb:1   | Killed a greater mummy
146911 | Tomb:2   | Received a gift from Nemelex Xobeh
147358 | Pan      | Entered Pandemonium
147358 | Pan      | Noticed Biebbin the pandemonium lord
147379 | Pan      | Killed Biebbin the pandemonium lord
147407 | Pan      | Got a transparent bone ring
147409 | Pan      | Identified the ring of Doubts {rN+ Str+4 Int+4} (You found
                  | it in Pandemonium)
147808 | Pan      | Received a gift from Nemelex Xobeh
147957 | Pan      | Found an exit through the horrors of the Abyss.
148141 | Pan      | Received a gift from Nemelex Xobeh
148860 | Pan      | Received a gift from Nemelex Xobeh
148944 | Pan      | Found a transporter.
148952 | Pan      | Found an exit through the horrors of the Abyss.
149111 | Pan      | Found a transporter.
149125 | Pan      | Got a distressingly furry scale mail
149126 | Pan      | Identified the +4 scale mail "Suhuirao" {rPois MR+ Int-2}
                  | (You found it in Pandemonium)
149135 | Pan      | Got a scorched pewter amulet
149136 | Pan      | Identified the amulet "Qazicud" {Faith Dex+6 Stlth+} (You
                  | found it in Pandemonium)
149174 | Pan      | Got a flickering wooden ring
149175 | Pan      | Identified the ring "Ygao" {Fire *Drain rN+ Str+3 Int+2}
                  | (You found it in Pandemonium)
149937 | Pan      | Received a gift from Nemelex Xobeh
150071 | Pan      | Received a gift from Nemelex Xobeh
150552 | Depths:3 | Escaped Pandemonium
150554 | Pan      | Entered Pandemonium
150789 | Pan      | Received a gift from Nemelex Xobeh
151127 | Pan      | Received a gift from Nemelex Xobeh
151130 | Pan      | Found an exit through the horrors of the Abyss.
151742 | Pan      | Noticed Plog the pandemonium lord
151763 | Pan      | Killed Plog the pandemonium lord
152022 | Pan      | Noticed Ippog Kue the pandemonium lord
152026 | Pan      | Identified the +2 trident of Valour {flame, +Fly rPois}
152032 | Pan      | Killed Ippog Kue the pandemonium lord
152194 | Pan      | Received a gift from Nemelex Xobeh
152234 | Pan      | Found an exit through the horrors of the Abyss.
152237 | Pan      | Got a jewelled helmet
152238 | Pan      | Identified the +2 helmet of the Seven Stories {rC+ Slay+2}
                  | (You found it in Pandemonium)
152755 | Pan      | Noticed Noh Irat the pandemonium lord
152774 | Pan      | Killed Noh Irat the pandemonium lord
152965 | Pan      | Found an exit through the horrors of the Abyss.
152971 | Pan      | Received a gift from Nemelex Xobeh
153546 | Pan      | Received a gift from Nemelex Xobeh
153634 | Pan      | Found an exit through the horrors of the Abyss.
153922 | Pan      | Noticed Uzxaatum the pandemonium lord
153925 | Pan      | Reached skill level 27 in Fighting
153929 | Pan      | Killed Uzxaatum the pandemonium lord
153929 | Pan      | Reached skill level 27 in Unarmed Combat
154388 | Pan      | Received a gift from Nemelex Xobeh
154703 | Pan      | Noticed Hevog the pandemonium lord
154713 | Pan      | Killed Hevog the pandemonium lord
154748 | Pan      | Found an exit through the horrors of the Abyss.
155389 | Pan      | Learned a level 5 spell: Summon Forest
155470 | Pan      | Received a gift from Nemelex Xobeh
155688 | Pan      | Received a gift from Nemelex Xobeh
156623 | Pan      | Received a gift from Nemelex Xobeh
156651 | Pan      | Noticed Quhotrob the pandemonium lord
156666 | Pan      | Identified the -1 trident of the Tundras {pierce, SInv}
156676 | Pan      | Killed Quhotrob the pandemonium lord
156958 | Pan      | Received a gift from Nemelex Xobeh
157054 | Pan      | Found an exit through the horrors of the Abyss.
157362 | Pan      | Took an exit into the Abyss.
157362 | Abyss:1  | Escaped into the Abyss
157376 | Depths:3 | Escaped the Abyss
158053 | Tomb:3   | Entered Level 3 of the Tomb of the Ancients
158082 | Tomb:3   | Noticed Frederick
158088 | Tomb:3   | Killed Frederick
158095 | Tomb:3   | Noticed a greater mummy
158115 | Tomb:3   | Killed a greater mummy
158118 | Tomb:3   | Noticed a greater mummy
158118 | Tomb:3   | Noticed a greater mummy
158121 | Tomb:3   | Noticed a greater mummy
158122 | Tomb:3   | Identified the +1 trident of Judgement {protect, Fragile
                  | rPois rN++ Stlth+}
158128 | Tomb:3   | Noticed a greater mummy
158136 | Tomb:3   | Noticed a greater mummy
158140 | Tomb:3   | Killed a greater mummy
158144 | Tomb:3   | Killed a greater mummy
158149 | Tomb:3   | Killed a greater mummy
158150 | Tomb:3   | Killed a greater mummy
158158 | Tomb:3   | Killed a greater mummy
158332 | Tomb:3   | Noticed a greater mummy
158364 | Tomb:3   | Noticed a greater mummy
158378 | Tomb:2   | Killed a greater mummy
158548 | Tomb:3   | Noticed a greater mummy
158551 | Tomb:3   | Killed a greater mummy
158580 | Tomb:3   | Got a golden rune of Zot
158618 | Tomb:3   | Received a gift from Nemelex Xobeh
158826 | Tomb:3   | Killed a greater mummy
158880 | Tomb:3   | Identified the Catalogue of Ash
158896 | Tomb:3   | Learned a level 6 spell: Invisibility
158967 | Tomb:3   | Got an ancient crystal plate armour
158968 | Tomb:3   | Identified the +6 crystal plate armour "Bimeov" {rElec
                  | Str+5 Dex+4} (You found it on level 3 of the Tomb of the
                  | Ancients)
158993 | Tomb:3   | Got a clouded bronze ring
158994 | Tomb:3   | Identified the ring "Cuimalou" {+Fly rC+} (You found it on
                  | level 3 of the Tomb of the Ancients)
158997 | Tomb:3   | Got a shimmering shield
158998 | Tomb:3   | Identified the +1 shield "Nafruh" {*Drain rF+ rC+ Str+4
                  | Slay+3} (You found it on level 3 of the Tomb of the
                  | Ancients)
159106 | Tomb:3   | Got an ancient crystal amulet
159107 | Tomb:3   | Identified the amulet of Domyegif {Reflect rElec rF++ Str+2
                  | Dex-4 SH+2} (You found it on level 3 of the Tomb of the
                  | Ancients)
159128 | Tomb:3   | Got a slimy war axe
159129 | Tomb:3   | Identified the +8 war axe "Zeopnun" {protect, rPois rF-
                  | Str+2 Stlth+} (You found it on level 3 of the Tomb of the
                  | Ancients)
159178 | Tomb:3   | Got a coiled lead ring
159179 | Tomb:3   | Identified the ring "Qoit" {*Tele rF+++ MP+9 Int-4} (You
                  | found it on level 3 of the Tomb of the Ancients)
159925 | Zot:5    | Entered Level 5 of the Realm of Zot
160106 | Zot:5    | Received a gift from Nemelex Xobeh
160777 | Zot:5    | Noticed an ancient lich
160838 | Zot:5    | Noticed an ancient lich
160846 | Zot:5    | Killed an ancient lich
160848 | Zot:5    | Killed an ancient lich
160903 | Zot:5    | Received a gift from Nemelex Xobeh
160931 | Zot:5    | Noticed an orb of fire
160937 | Zot:5    | Noticed an ancient lich
160953 | Zot:5    | Noticed an ancient lich
160961 | Zot:5    | Killed an ancient lich
160971 | Zot:5    | Killed an ancient lich
161223 | Zot:5    | Noticed an orb of fire
161229 | Zot:5    | Killed an orb of fire
161245 | Zot:5    | Noticed an ancient lich
161251 | Zot:5    | Killed an ancient lich
161303 | Zot:5    | Noticed an orb of fire
161310 | Zot:5    | Killed an orb of fire
161312 | Zot:5    | Noticed an ancient lich
161314 | Zot:5    | Noticed an ancient lich
161331 | Zot:5    | Killed an ancient lich
161331 | Zot:5    | Noticed an ancient lich
161333 | Zot:5    | Killed an ancient lich
161347 | Zot:5    | Killed an ancient lich
161439 | Zot:5    | Noticed an ancient lich
161444 | Zot:5    | Noticed an ancient lich
161450 | Zot:5    | Killed an ancient lich
161453 | Zot:5    | Killed an ancient lich
161786 | Zot:5    | Got the Orb of Zot
162037 | Depths:1 | Noticed Rowij the pandemonium lord
162041 | D:15     | Reached skill level 27 in Armour
162295 | D:$      | Escaped with the Orb!

Levels and vault maps discovered:
D:1:      wander_arrival_fairy_ring, layout_basic, moated_statue,
          minmay_crystal_room
D:2:      layout_loops_ring, lemuel_round_altar, bloody_trog, uniq_robin,
          uniq_natasha, uniq_crazy_yiuf_cottage
D:3:      layout_loops_ring, nicolae_ru_awakened_eye, lemuel_tele_altar,
          uniq_ijyb, uniq_grinder
D:4:      layout_basic, grunt_gozag_statues, lemuel_crystal_altar
D:5:      layout_basic, first_ration
D:6:      layout_rooms, minmay_temple_entry_grid, minmay_misc_feat_columns
D:7:      layout_basic, grunt_ogre_cave, minmay_mini_ossuary, uniq_pikel
D:8:      layout_basic, enter_bailey_3, minmay_hedge_maze,
          grunt_decor_one_mirror, kennysheep_decorative_pillar,
          minmay_misc_feat_tiny, minivault_1, uniq_joseph, uniq_harold
D:9:      layout_irregular_city, nicolae_overflow_crystal_walls,
          nicolae_transmutations_shop, kennysheep_generic_room_7
D:10:     layout_stronghold, serial_ice, serial_ice_i, serial_ice_a,
          serial_ice_o, serial_ice_f, serial_ice_b, serial_ice_c, serial_ice_h,
          serial_ice_e, uniq_fannar, uniq_josephine
D:11:     regret_index_wax_grids, layout_cave_pods, dpeg_lair_monsters,
          minivault_1, bh_hangedman_babel_library
D:12:     layout_loops_ring, david_orc_1_choice,
          portal_ice_cave_entry_ice_beasts, uniq_azrael
D:13:     layout_roguey
D:14:     layout_basic, skrybe_vaults_entry_preservation, minivault_16,
          uniq_jorgrun, uniq_nessos
D:15:     hangedman_depths_entry_civil_slaughter, layout_basic,
          lemuel_crystal_altar, small_statue_intersection, jmf_multi_god_temple2
Temple:   nicolae_temple_elliptical
Lair:1:   layout_regular_city, minmay_lair_oklob_chamber, grunt_megastairs_2,
          lemuel_fruit_fields
Lair:2:   layout_misc_corridors, elwin_shoals_entry_rocks, grunt_megastairs_4
Lair:3:   layout_cave_pods, dummy_snake_entry
Lair:4:   layout_layer_cave, basic_altar
Lair:5:   layout_hall_layers, slime_altar_1, gauntlet_entry_generic,
          grunt_megastairs_3
Lair:6:   hangedman_lair_caniforms_friends, layout_regular_city,
          hangedman_lair_in_review, chequers_serial_rivers_micro_d, zaba_anthell
Shoals:1: layout_shoals, serial_shops, shop
Shoals:2: layout_shoals, nicolae_shoals_square_sea_wall
Shoals:3: layout_shoals, argonaut_gorgonesque, uniq_mara
Shoals:4: shoals_end_simple, layout_shoals, nicolae_shoals_arrival_archipelago
Snake:1:  layout_gridlike, minmay_shop_grove
Snake:2:  layout_chambers, serial_bayou_shore_a
Snake:3:  nicolae_aizul_guard, layout_honeycomb
Snake:4:  grunt_snake_rune_spirals, layout_onion, basic_altar, lemuel_fruit_tree
Slime:1:  layout_caves
Slime:2:  layout_caves, nicolae_slime_phagocytosis
Slime:3:  layout_caves
Slime:4:  layout_caves
Slime:5
Orc:1:    layout_diamond_mine, basic_altar, nicolae_volcano_entry_two_sided,
          nicolae_orc_tapped_out
Orc:2:    st_orc_open, layout_diamond_mine, mines_bat_river
Elf:1:    minmay_elf_arrival_circle, layout_loops_cross,
          minmay_elf_annihilation, drop_trap, nicolae_elf_big_sculpture_3
Elf:2:    layout_onion_city, gammafunk_ghost_split, lemuel_flamethrower_2,
          uniq_roxanne
Elf:3:    minmay_elf_hall_hex, layout_loops_corners, serial_shops, shop,
          ploomutoo_gammafunk_ghost_potion_laboratory, special_room
          [special_room_mythical_zoo]
Vaults:1: v_pattern_5, v_alt_pattern_5, nicolae_vaults_yaktaur_gun_rack,
          ontoclasm_vaults_pinch, hangedman_vaults_snaps,
          vaults_room_large_hall, grunt_vaults_hallway_short, v_misc_15,
          vaults_room_door_hall, layout_vaults_quadrants, uniq_asterion
Vaults:2: nicolae_vaults_know_your_exits, vaults_room_stairs_pillars,
          ontoclasm_vaults_bender, hangedman_vaults_slither, v_rooms_6,
          ontoclasm_vaults_hangar, v_misc_26, v_alt_pattern_3,
          grunt_vaults_hallway_short, layout_vaults_omnicross, serial_shops,
          nicolae_shop_trees
Vaults:3: ontoclasm_vaults_decontamination, hangedman_vaults_unwind,
          grunt_vaults_swirl, dpeg_vaults_monster_box,
          nicolae_vaults_diagonal_hallway_7, nicolae_vaults_network_s,
          vaults_room_pools, v_misc_3, vaults_room_door_ring,
          layout_vaults_big_room
Vaults:4: ontoclasm_vaults_gateway, v_misc_11, grunt_vaults_twisty,
          hangedman_vaults_restitches, vaults_dpeg_diagonal,
          hangedman_vaults_restitches, kennysheep_vaults_gozag_temple,
          ontoclasm_vaults_spin, v_alt_pattern_6,
          nicolae_vaults_big_angled_halls, vaults_dpeg_ring, layout_vaults_ring,
          serial_shops, nicolae_shop_trees
Vaults:5
Crypt:1:  lemuel_minitomb, layout_basic
Crypt:2:  layout_basic
Crypt:3:  evilmike_haunted_forest
Tomb:1
Tomb:2
Tomb:3:   uniq_frederick
Depths:1: layout_big_octagon, dk_noncrumbling_2, hell_entry,
          minmay_misc_feat_roman, abandoned_shop, wad_floor_pattern_untrapped,
          chequers_decorated_corner, kennysheep_crisscross,
          hangedman_corner_corridor
Depths:2: dpeg_oklob_gauntlet, layout_gridlike, enter_ziggurat_d,
          abyss_entry_small_statue_room, infiniplex_staircase_zigzag_5,
          serial_bayou, serial_bayou_lake_a, serial_bayou_pond_a,
          serial_bayou_pond_d, serial_bayou_lagoon_a, hell_entry, laboratory
Depths:3: abrahamwl_protected_by_tso_3, layout_gridlike, grunt_pan_entry_zigzag,
          abyss_entry_crystal, hell_entry, chequers_serial_rivers_micro_b,
          minmay_guarded_unrand_wrath_of_trog, infiniplex_staircase_pool_1
Depths:4: minmay_expanding_circles, layout_basic, serial_shops,
          nicolae_shop_window_shopping, minmay_misc_feat_square,
          hangedman_geh_valley, abyss_entry, minmay_misc_feat_pillars
Depths:5: grunt_runaround [grunt_runaround_doors_1, grunt_runaround_doors_2,
          grunt_runaround_doors_3, grunt_runaround_doors_4,
          grunt_runaround_zot], hell_entry, pan_entry, uniq_sojobo
Hell
Dis:1:    layout_subdivisions
Dis:2:    layout_regular_city
Dis:3:    hangedman_dis_monolith, layout_regular_city
Dis:4:    layout_jigsaw
Dis:5:    layout_regular_city
Dis:6:    layout_jigsaw
Dis:7:    iron_city_of_dis [dis_grunt, dis_wall_6], layout_chaotic_city
Geh:1:    layout_gehenna_pools_box
Geh:2:    layout_gehenna_lava_caves
Geh:3:    layout_gehenna_pools_basic, nicolae_geh_amphitheater, lemuel_elevator
Geh:4:    layout_gehenna_pools_basic, lemuel_elevator
Geh:5:    layout_gehenna_pools_basic, nicolae_geh_single_fiery_grave
Geh:6:    layout_gehenna_pools_triple
Geh:7:    geh_hangedman
Coc:1:    layout_ice_bergs
Coc:2:    layout_ice_bergs, evilmike_ambush [evilmike_ambush_outer_corners,
          evilmike_ambush_inner_cross]
Coc:3:    layout_ice_bergs
Coc:4:    layout_ice_bergs
Coc:5:    layout_ice_bergs
Coc:6:    layout_cocytus_water_paths
Coc:7:    coc_grunt_cove [coc_grunt_cove_antaeus, coc_grunt_cove_fiend,
          coc_grunt_cove_fiend, coc_grunt_cove_fiend, coc_grunt_cove_fiend]
Tar:1:    layout_catacombs
Tar:2:    layout_grid_maze, nicolae_tar_cuneiform_bird
Tar:3:    layout_grid_maze
Tar:4:    layout_grid_maze
Tar:5:    layout_grid_maze, nicolae_tar_cuneiform_oil,
          nicolae_tar_cuneiform_three
Tar:6:    layout_catacombs
Tar:7:    tar_old
Zot:1:    layout_concentric_octagons, evilmike_ambush
          [evilmike_ambush_outer_basic, evilmike_ambush_inner_basic]
Zot:2:    nicolae_zot_draconian_monastery, layout_gridlike
Zot:3:    layout_basic
Zot:4:    layout_misc_corridors
Zot:5:    layout_gridlike, grunt_ministairs_9, lemuel_baited_zot_trap,
          st_stairs_7

Skill      XL: |  1  2  3  4  5  6  7  8  9 10 11 12 13 14 15 16 17 18 19 20 21 22 23 24 25 26 27 |
---------------+----------------------------------------------------------------------------------+-----
Shields        | 3 4 6 7 11 15 25 | 25.0
Armour         | 3 4 8 11 12 17 27 | 27.0
Dodging        | 1 2 3 4 9 10 11 12 14 15 16 25 | 25.6
Unarmed Combat | 3 4 5 7 9 10 11 15 17 27 | 27.0
Fighting       | 4 5 14 15 17 27 | 27.0
Invocations    | 3 5 6 8 9 10 14 15 17 25 | 25.0
Evocations     | 5 10 20 | 20.0
Throwing       | 6 11 15 16 | 16.0
Stealth        | 9 10 11 20 | 20.0
Earth Magic    | 3 4 8 |  8.0
Spellcasting   | 2 4 19 | 19.5
Transmutations | 3 4 8 |  8.0
Charms         | 3 4 14 | 14.0
Air Magic      | 3 4 14 | 14.0
Necromancy     | 4 14 | 14.0
Hexes          | 18 | 18.0
Summonings     | 15 | 15.0
Slings         | 9 |  9.8
Translocations | 10 | 10.0

Action                   |  1- 3 |  4- 6 |  7- 9 | 10-12 | 13-15 | 16-18 | 19-21 | 22-24 | 25-27 || total
-------------------------+-------+-------+-------+-------+-------+-------+-------+-------+-------++-------
Melee: Unarmed           |    98 |   205 |   502 |   810 |  1092 |  2219 |  2025 |   215 | 23345 || 30511
       Staff             |       |       |       |       |       |       |       |       |    85 ||    85
 Fire: Fustibalus        |       |       |       |       |       |       |       |       |    44 ||    44
Throw: Javelin           |       |       |     4 |    12 |     6 |    70 |   471 |   211 |   742 ||  1516
       Dart              |       |       |       |     3 |     3 |     4 |     1 |     9 |    13 ||    33
       Throwing net      |       |       |       |     2 |       |       |       |       |       ||     2
       Boomerang         |       |       |       |       |       |     3 |       |    35 |   910 ||   948
 Cast: Regeneration      |       |       |       |       |       |       |       |       |   454 ||   454
       Passwall          |       |       |       |       |       |       |       |       |    44 ||    44
       Silence           |       |       |       |       |       |       |       |       |    14 ||    14
       Darkness          |       |       |       |       |       |       |       |       |    13 ||    13
       Aura of Abjuratio |       |       |       |       |       |       |       |       |     7 ||     7
       Blink             |       |       |       |       |       |       |       |       |     3 ||     3
       Portal Projectile |       |       |       |       |       |       |       |       |     2 ||     2
       Confuse           |       |       |       |       |       |       |       |       |     1 ||     1
       Animate Dead      |       |       |       |       |       |       |       |       |     1 ||     1
       Confusing Touch   |       |       |       |       |       |       |       |       |     1 ||     1
       Passage of Golubr |       |       |       |       |       |       |       |       |     1 ||     1
       Summon Forest     |       |       |       |       |       |       |       |       |     1 ||     1
Invok: Stack Five        |       |       |       |       |     1 |     1 |       |       |     1 ||     3
       Deal Four         |       |       |       |       |       |     1 |     1 |       |    60 ||    62
       Triple Draw       |       |       |       |       |       |     1 |       |       |       ||     1
 Abil: Draw Destruction  |       |       |       |     6 |    31 |    22 |    37 |     5 |   233 ||   334
       Draw Summoning    |       |       |       |     5 |     5 |     6 |    11 |     4 |    49 ||    80
       Draw Stack        |       |       |       |       |     1 |     3 |     1 |       |     5 ||    10
       Evoke Flight      |       |       |       |       |       |       |       |       |     6 ||     6
Evoke: Wand              |       |       |       |       |     2 |     2 |     2 |       |    42 ||    48
       Lamp of fire      |       |       |       |       |       |     4 |     1 |     2 |    24 ||    31
       Lightning rod     |       |       |       |       |       |     1 |       |       |     3 ||     4
       Horn of Geryon    |       |       |       |       |       |       |       |       |    13 ||    13
       Box of beasts     |       |       |       |       |       |       |       |       |     8 ||     8
       Staff of Dispater |       |       |       |       |       |       |       |       |     5 ||     5
       Sack of spiders   |       |       |       |       |       |       |       |       |     4 ||     4
       Sceptre of Asmode |       |       |       |       |       |       |       |       |     2 ||     2
       Phial of floods   |       |       |       |       |       |       |       |       |     2 ||     2
       Phantom mirror    |       |       |       |       |       |       |       |       |     2 ||     2
  Use: Scroll            |       |     1 |     6 |     5 |    20 |     8 |    11 |     2 |   117 ||   170
       Potion            |       |     1 |       |     2 |     5 |     1 |     3 |     2 |    56 ||    70
 Stab: Petrified         |       |       |       |     1 |     6 |       |     3 |       |     9 ||    19
       Invisible         |       |       |       |       |     1 |       |     6 |       |    15 ||    22
       Distracted        |       |       |       |       |       |     3 |       |     1 |    21 ||    25
       Sleeping          |       |       |       |       |       |       |       |       |     7 ||     7
       Petrifying        |       |       |       |       |       |       |       |       |     3 ||     3
       Confused          |       |       |       |       |       |       |       |       |     1 ||     1
       Held in net/web   |       |       |       |       |       |       |       |       |     1 ||     1
       Paralysed         |       |       |       |       |       |       |       |       |     1 ||     1
  Eat: Chunk             |     1 |    13 |    20 |    67 |   100 |   146 |   131 |    26 |   877 ||  1381
       Ration            |       |     1 |       |     1 |     1 |       |     9 |       |    32 ||    44
Armor: Scale mail        |    44 |       |       |       |       |       |       |       |       ||    44
       Chain mail        |       |    88 |   207 |   264 |   354 |   609 |   578 |    65 |   863 ||  3028
       Gold dragon scale |       |       |       |       |       |       |       |       |  4542 ||  4542
Dodge: Dodged            |    24 |    38 |    88 |   244 |   438 |   873 |   660 |    66 |  5574 ||  8005
Block: Shield            |    44 |    73 |   203 |   452 |   746 |  1398 |  1489 |   180 |  3614 ||  8199
       Reflection        |       |       |       |       |       |       |    77 |    10 |   385 ||   472
       Large shield      |       |       |       |       |       |       |       |       | 23091 || 23091
       Rpst.: Unarmed    |       |       |       |       |       |    94 |   135 |    14 |   885 ||  1128
       Staff             |       |       |       |       |       |       |       |       |    13 ||    13
